Workbook

Sheet Capa
A19: ORÇAMENTO PARA ELABORAÇÃO DE PROJETOS DE SISTEMA DE TRATAMENTO DE ESGOTO SANITÁRIO DE PEQUENO PORTE
B25: CBH-DOCE
B30: Baixo Guandu/Espírito Santo
B32: Pequena comunidade isolada: Alto Mutum Preto
C51: Preencher a data

Sheet Orç_20-30
A10: GOVERNO DO ESTADO DO RIO DE JANEIRO
A11: SECRETARIA DE ESTADO DO AMBIENTE - SEA
B13: Planilha Orçamentária | G13: I0 = AGO/2011
A14: Projeto: ELABORAÇÃO DE PLANO MUNICIPAL DE SANEAMENTO NAS MODALIDADES ÁGUA, ESGOTO E DRENAGEM URBANA PARA MUNICÍPIOS COM POPULAÇÃO ATÉ 15 MIL HABITANTES
A15: ITEM | B15: DESCRIÇÃO | C15: Código | D15: Unid. | E15: Quant. | F15: Preço unit. | G15: Custo total
F16: EMOP JUL/11
A17: 0 | B17: Supervisão e Suporte | G17: =SUM(G18:G20) -> #REF! | I17: h/mês | J17: nº meses | K17: nº prof.
A18: 0.1 | B18: =IF(C18="","",VLOOKUP(C18,#REF!,2,FALSE)) -> #REF! | C18: 05.105.034-0 | D18: h | E18: =I18*J18*K18 -> 240 | F18: =IF(C18="","",VLOOKUP(C18,#REF!,2,FALSE)) -> #REF! | G18: =E18*F18 -> #REF! | I18: 40 | J18: 6 | K18: 1
A19: 0.2 | B19: =IF(C19="","",VLOOKUP(C19,#REF!,2,FALSE)) -> #REF! | C19: 05.105.038-0 | D19: h | E19: =I19*J19*K19 -> 960 | F19: =IF(C19="","",VLOOKUP(C19,#REF!,2,FALSE)) -> #REF! | G19: =E19*F19 -> #REF! | I19: 160 | J19: 6 | K19: 1
A20: 0.3 | B20: =IF(C20="","",VLOOKUP(C20,#REF!,2,FALSE)) -> #REF! | C20: 05.105.041-0 | D20: h | E20: =I20*J20*K20 -> 960 | F20: =IF(C20="","",VLOOKUP(C20,#REF!,2,FALSE)) -> #REF! | G20: =E20*F20 -> #REF! | I20: 160 | J20: 6 | K20: 1
A21: 1 | B21: Plano de Trabalho (P1) e Projeto de Comunicação e Mobilização Social (P2) | G21: =SUM(G22:G29) -> #REF! | L21: 1 | M21: P1 + P2
A22: 1.1 | B22: MÃO-DE-OBRA DE ADVOGADO OU ASSESSOR JURÍDICO | D22: h | E22: =I22*J22*K22 -> 40 | F22: 53.9 | G22: =E22*F22 -> 2156 | I22: 40 | J22: 1 | K22: 1 | N22: 3719.74 | O22: =N22/160 -> 23.248375 | P22: =O22+O22*1.14 -> 49.751522
A23: 1.2 | B23: MÃO-DE-OBRA DE ASSISTENTE SOCIAL | D23: h | E23: =I23*J23*K23 -> 160 | F23: 53.9 | G23: =E23*F23 -> 8624 | I23: 160 | J23: 1 | K23: 1 | N23: 2076 | O23: =N23/160 -> 12.975 | P23: =O23+O23*1.14 -> 27.7665
A24: 1.3 | B24: MÃO-DE-OBRA DE ECONOMISTA | D24: h | E24: =I24*J24*K24 -> 0 | F24: 53.9 | G24: =E24*F24 -> 0 | I24: 160 | J24: 1 | K24: 0 | P24: 50
A25: 1.4 | B25: =IF(C25="","",VLOOKUP(C25,#REF!,2,FALSE)) -> #REF! | C25: 05.105.033-0 | D25: h | E25: =I25*J25*K25 -> 80 | F25: =IF(C25="","",VLOOKUP(C25,#REF!,2,FALSE)) -> #REF! | G25: =E25*F25 -> #REF! | I25: 80 | J25: 1 | K25: 1
A26: 1.5 | B26: =IF(C26="","",VLOOKUP(C26,#REF!,2,FALSE)) -> #REF! | C26: 05.105.032-0 | D26: h | E26: =I26*J26*K26 -> 160 | F26: =IF(C26="","",VLOOKUP(C26,#REF!,2,FALSE)) -> #REF! | G26: =E26*F26 -> #REF! | I26: 160 | J26: 1 | K26: 1
A27: 1.6 | B27: =IF(C27="","",VLOOKUP(C27,#REF!,2,FALSE)) -> #REF! | C27: 05.105.026-0 | D27: h | E27: =I27*J27*K27 -> 0 | F27: =IF(C27="","",VLOOKUP(C27,#REF!,2,FALSE)) -> #REF! | G27: =E27*F27 -> #REF! | I27: 160 | J27: 1 | K27: 0
A28: 1.7 | B28: =IF(C28="","",VLOOKUP(C28,#REF!,2,FALSE)) -> #REF! | C28: 05.105.035-0 | D28: h | E28: =I28*J28*K28 -> 0 | F28: =IF(C28="","",VLOOKUP(C28,#REF!,2,FALSE)) -> #REF! | G28: =E28*F28 -> #REF! | I28: 160 | J28: 1 | K28: 0
A29: 1.8 | B29: =IF(C29="","",VLOOKUP(C29,#REF!,2,FALSE)) -> #REF! | C29: 05.105.025-0 | E29: =I29*J29*K29 -> 0 | F29: =IF(C29="","",VLOOKUP(C29,#REF!,2,FALSE)) -> #REF! | G29: =E29*F29 -> #REF! | I29: 160 | J29: 1 | K29: 0
A30: 2 | B30: Caracterização do Município (P3) | G30: =SUM(G31:G39) -> #REF! | L30: 1 | M30: P3
A31: 2.1 | B31: MÃO-DE-OBRA DE ADVOGADO OU ASSESSOR JURÍDICO | D31: h | E31: =I31*J31*K31 -> 40 | F31: 53.9 | G31: =E31*F31 -> 2156 | I31: 40 | J31: 1 | K31: 1
A32: 2.2 | B32: MÃO-DE-OBRA DE ASSISTENTE SOCIAL | D32: h | E32: =I32*J32*K32 -> 40 | F32: 53.9 | G32: =E32*F32 -> 2156 | I32: 40 | J32: 1 | K32: 1
A33: 2.3 | B33: MÃO-DE-OBRA DE ECONOMISTA | D33: h | E33: =I33*J33*K33 -> 40 | F33: 53.9 | G33: =E33*F33 -> 2156 | I33: 40 | J33: 1 | K33: 1
A34: 2.4 | B34: =IF(C34="","",VLOOKUP(C34,#REF!,2,FALSE)) -> #REF! | C34: 05.105.033-0 | D34: h | E34: =I34*J34*K34 -> 40 | F34: =IF(C34="","",VLOOKUP(C34,#REF!,2,FALSE)) -> #REF! | G34: =E34*F34 -> #REF! | I34: 40 | J34: 1 | K34: 1
A35: 2.5 | B35: =IF(C35="","",VLOOKUP(C35,#REF!,2,FALSE)) -> #REF! | C35: 05.105.032-0 | D35: h | E35: =I35*J35*K35 -> 80 | F35: =IF(C35="","",VLOOKUP(C35,#REF!,2,FALSE)) -> #REF! | G35: =E35*F35 -> #REF! | I35: 80 | J35: 1 | K35: 1
A36: 2.6 | B36: =IF(C36="","",VLOOKUP(C36,#REF!,2,FALSE)) -> #REF! | C36: 05.105.026-0 | D36: h | E36: =I36*J36*K36 -> 0 | F36: =IF(C36="","",VLOOKUP(C36,#REF!,2,FALSE)) -> #REF! | G36: =E36*F36 -> #REF! | I36: 0 | J36: 1 | K36: 1
A37: 2.7 | B37: =IF(C37="","",VLOOKUP(C37,#REF!,2,FALSE)) -> #REF! | C37: 05.105.035-0 | D37: h | E37: =I37*J37*K37 -> 40 | F37: =IF(C37="","",VLOOKUP(C37,#REF!,2,FALSE)) -> #REF! | G37: =E37*F37 -> #REF! | I37: 40 | J37: 1 | K37: 1
A38: 2.8 | B38: =IF(C38="","",VLOOKUP(C38,#REF!,2,FALSE)) -> #REF! | C38: 05.105.025-0 | E38: =I38*J38*K38 -> 80 | F38: =IF(C38="","",VLOOKUP(C38,#REF!,2,FALSE)) -> #REF! | G38: =E38*F38 -> #REF! | I38: 80 | J38: 1 | K38: 1
A39: 2.9 | B39: =IF(C39="","",VLOOKUP(C39,#REF!,2,FALSE)) -> #REF! | C39: 19.004.042-2 | E39: =I39*J39*K39 -> 40 | F39: =IF(C39="","",VLOOKUP(C39,#REF!,2,FALSE)) -> #REF! | G39: =E39*F39 -> #REF! | I39: 40 | J39: 1 | K39: 1
A40: 3 | B40: Diagnóstico dos Serviços de Abastecimento de Água Potável (P4), Esgotamento Sanitário e Drenagem Pluvial Urbana (P5) | G40: =SUM(G41:G50) -> #REF! | L40: 1 | M40: P4
A41: 3.1 | B41: MÃO-DE-OBRA DE ADVOGADO OU ASSESSOR JURÍDICO | D41: h | E41: =I41*J41*K41 -> 40 | F41: 53.9 | G41: =E41*F41 -> 2156 | I41: 40 | J41: 1 | K41: 1
A42: 3.2 | B42: MÃO-DE-OBRA DE ASSISTENTE SOCIAL | D42: h | E42: =I42*J42*K42 -> 40 | F42: 53.9 | G42: =E42*F42 -> 2156 | I42: 40 | J42: 1 | K42: 1
A43: 3.3 | B43: MÃO-DE-OBRA DE ECONOMISTA | D43: h | E43: =I43*J43*K43 -> 40 | F43: 53.9 | G43: =E43*F43 -> 2156 | I43: 40 | J43: 1 | K43: 1
A44: 3.4 | B44: =IF(C44="","",VLOOKUP(C44,#REF!,2,FALSE)) -> #REF! | C44: 05.105.033-0 | D44: h | E44: =I44*J44*K44 -> 160 | F44: =IF(C44="","",VLOOKUP(C44,#REF!,2,FALSE)) -> #REF! | G44: =E44*F44 -> #REF! | I44: 160 | J44: 1 | K44: 1
A45: 3.5 | B45: =IF(C45="","",VLOOKUP(C45,#REF!,2,FALSE)) -> #REF! | C45: 05.105.032-0 | D45: h | E45: =I45*J45*K45 -> 320 | F45: =IF(C45="","",VLOOKUP(C45,#REF!,2,FALSE)) -> #REF! | G45: =E45*F45 -> #REF! | I45: 160 | J45: 1 | K45: 2
A46: 3.6 | B46: =IF(C46="","",VLOOKUP(C46,#REF!,2,FALSE)) -> #REF! | C46: 05.105.050-0 | D46: h | E46: =I46*J46*K46 -> 160 | F46: =IF(C46="","",VLOOKUP(C46,#REF!,2,FALSE)) -> #REF! | G46: =E46*F46 -> #REF! | I46: 160 | J46: 1 | K46: 1
A47: 3.7 | B47: =IF(C47="","",VLOOKUP(C47,#REF!,2,FALSE)) -> #REF! | C47: 05.105.026-0 | D47: h | E47: =I47*J47*K47 -> 160 | F47: =IF(C47="","",VLOOKUP(C47,#REF!,2,FALSE)) -> #REF! | G47: =E47*F47 -> #REF! | I47: 160 | J47: 1 | K47: 1
A48: 3.8 | B48: =IF(C48="","",VLOOKUP(C48,#REF!,2,FALSE)) -> #REF! | C48: 05.105.035-0 | D48: h | E48: =I48*J48*K48 -> 80 | F48: =IF(C48="","",VLOOKUP(C48,#REF!,2,FALSE)) -> #REF! | G48: =E48*F48 -> #REF! | I48: 80 | J48: 1 | K48: 1
A49: 3.9 | B49: =IF(C49="","",VLOOKUP(C49,#REF!,2,FALSE)) -> #REF! | C49: 05.105.025-0 | E49: =I49*J49*K49 -> 160 | F49: =IF(C49="","",VLOOKUP(C49,#REF!,2,FALSE)) -> #REF! | G49: =E49*F49 -> #REF! | I49: 160 | J49: 1 | K49: 1
A50: 3.10 | B50: =IF(C50="","",VLOOKUP(C50,#REF!,2,FALSE)) -> #REF! | C50: 19.004.042-2 | E50: =I50*J50*K50 -> 160 | F50: =IF(C50="","",VLOOKUP(C50,#REF!,2,FALSE)) -> #REF! | G50: =E50*F50 -> #REF! | I50: 160 | J50: 1 | K50: 1
A51: 4 | B51: Proposição de Arranjos Institucionais, Jurídicos e Econômico-Financeiros (P6), Sistemas de Abastecimento de Água (P7), Sistemas de Esgotamento Sanitário e Drenagem Pluvial Urbana (P8) | G51: =SUM(G52:G61) -> #REF! | L51: 1 | M51: P6
A52: 4.1 | B52: MÃO-DE-OBRA DE ADVOGADO OU ASSESSOR JURÍDICO | D52: h | E52: =I52*J52*K52 -> 80 | F52: 53.9 | G52: =E52*F52 -> 4312 | I52: 80 | J52: 1 | K52: 1 | M52: 40 | N52: 1 | O52: 1
A53: 4.2 | B53: MÃO-DE-OBRA DE ASSISTENTE SOCIAL | D53: h | E53: =I53*J53*K53 -> 20 | F53: 53.9 | G53: =E53*F53 -> 1078 | I53: 20 | J53: 1 | K53: 1 | M53: 20 | N53: 1 | O53: 1
A54: 4.3 | B54: MÃO-DE-OBRA DE ECONOMISTA | D54: h | E54: =I54*J54*K54 -> 80 | F54: 53.9 | G54: =E54*F54 -> 4312 | I54: 80 | J54: 1 | K54: 1 | M54: 40 | N54: 1 | O54: 1
A55: 4.4 | B55: =IF(C55="","",VLOOKUP(C55,#REF!,2,FALSE)) -> #REF! | C55: 05.105.033-0 | D55: h | E55: =I55*J55*K55 -> 160 | F55: =IF(C55="","",VLOOKUP(C55,#REF!,2,FALSE)) -> #REF! | G55: =E55*F55 -> #REF! | I55: 160 | J55: 1 | K55: 1 | M55: 80 | N55: 1 | O55: 1
A56: 4.5 | B56: =IF(C56="","",VLOOKUP(C56,#REF!,2,FALSE)) -> #REF! | C56: 05.105.032-0 | D56: h | E56: =I56*J56*K56 -> 320 | F56: =IF(C56="","",VLOOKUP(C56,#REF!,2,FALSE)) -> #REF! | G56: =E56*F56 -> #REF! | I56: 160 | J56: 1 | K56: 2 | M56: 160 | N56: 1 | O56: 2
A57: 4.6 | B57: =IF(C57="","",VLOOKUP(C57,#REF!,2,FALSE)) -> #REF! | C57: 05.105.050-0 | D57: h | E57: =I57*J57*K57 -> 0 | F57: =IF(C57="","",VLOOKUP(C57,#REF!,2,FALSE)) -> #REF! | G57: =E57*F57 -> #REF! | I57: 160 | J57: 1 | K57: 0 | M57: 160 | N57: 1 | O57: 0
A58: 4.7 | B58: =IF(C58="","",VLOOKUP(C58,#REF!,2,FALSE)) -> #REF! | C58: 05.105.026-0 | D58: h | E58: =I58*J58*K58 -> 160 | F58: =IF(C58="","",VLOOKUP(C58,#REF!,2,FALSE)) -> #REF! | G58: =E58*F58 -> #REF! | I58: 160 | J58: 1 | K58: 1 | M58: 160 | N58: 1 | O58: 1
A59: 4.8 | B59: =IF(C59="","",VLOOKUP(C59,#REF!,2,FALSE)) -> #REF! | C59: 05.105.035-0 | D59: h | E59: =I59*J59*K59 -> 160 | F59: =IF(C59="","",VLOOKUP(C59,#REF!,2,FALSE)) -> #REF! | G59: =E59*F59 -> #REF! | I59: 160 | J59: 1 | K59: 1 | M59: 80 | N59: 1 | O59: 1
A60: 4.9 | B60: =IF(C60="","",VLOOKUP(C60,#REF!,2,FALSE)) -> #REF! | C60: 05.105.025-0 | E60: =I60*J60*K60 -> 160 | F60: =IF(C60="","",VLOOKUP(C60,#REF!,2,FALSE)) -> #REF! | G60: =E60*F60 -> #REF! | I60: 160 | J60: 1 | K60: 1 | M60: 160 | N60: 1 | O60: 1
A61: 4.10 | B61: =IF(C61="","",VLOOKUP(C61,#REF!,2,FALSE)) -> #REF! | C61: 19.004.042-2 | E61: =I61*J61*K61 -> 160 | F61: =IF(C61="","",VLOOKUP(C61,#REF!,2,FALSE)) -> #REF! | G61: =E61*F61 -> #REF! | I61: 160 | J61: 1 | K61: 1 | M61: 40 | N61: 1 | O61: 1
A62: 5 | B62: Versão Preliminar do Plano (P9) | G62: =SUM(G63:G70) -> #REF! | L62: 1 | M62: P9
A63: 5.1 | B63: MÃO-DE-OBRA DE ADVOGADO OU ASSESSOR JURÍDICO | D63: h | E63: =I63*J63*K63 -> 0 | F63: 53.9 | G63: =E63*F63 -> 0 | I63: 160 | J63: 1 | K63: 0
A64: 5.2 | B64: MÃO-DE-OBRA DE ASSISTENTE SOCIAL | D64: h | E64: =I64*J64*K64 -> 20 | F64: 53.9 | G64: =E64*F64 -> 1078 | I64: 20 | J64: 1 | K64: 1
A65: 5.3 | B65: MÃO-DE-OBRA DE ECONOMISTA | D65: h | E65: =I65*J65*K65 -> 0 | F65: 53.9 | G65: =E65*F65 -> 0 | I65: 160 | J65: 1 | K65: 0
A66: 5.4 | B66: =IF(C66="","",VLOOKUP(C66,#REF!,2,FALSE)) -> #REF! | C66: 05.105.033-0 | D66: h | E66: =I66*J66*K66 -> 40 | F66: =IF(C66="","",VLOOKUP(C66,#REF!,2,FALSE)) -> #REF! | G66: =E66*F66 -> #REF! | I66: 40 | J66: 1 | K66: 1
A67: 5.5 | B67: =IF(C67="","",VLOOKUP(C67,#REF!,2,FALSE)) -> #REF! | C67: 05.105.032-0 | D67: h | E67: =I67*J67*K67 -> 160 | F67: =IF(C67="","",VLOOKUP(C67,#REF!,2,FALSE)) -> #REF! | G67: =E67*F67 -> #REF! | I67: 160 | J67: 1 | K67: 1
A68: 5.6 | B68: =IF(C68="","",VLOOKUP(C68,#REF!,2,FALSE)) -> #REF! | C68: 05.105.026-0 | D68: h | E68: =I68*J68*K68 -> 0 | F68: =IF(C68="","",VLOOKUP(C68,#REF!,2,FALSE)) -> #REF! | G68: =E68*F68 -> #REF! | I68: 160 | J68: 1 | K68: 0
A69: 5.7 | B69: =IF(C69="","",VLOOKUP(C69,#REF!,2,FALSE)) -> #REF! | C69: 05.105.035-0 | D69: h | E69: =I69*J69*K69 -> 0 | F69: =IF(C69="","",VLOOKUP(C69,#REF!,2,FALSE)) -> #REF! | G69: =E69*F69 -> #REF! | I69: 160 | J69: 1 | K69: 0
A70: 5.8 | B70: =IF(C70="","",VLOOKUP(C70,#REF!,2,FALSE)) -> #REF! | C70: 05.105.025-0 | D70: h | E70: =I70*J70*K70 -> 0 | F70: =IF(C70="","",VLOOKUP(C70,#REF!,2,FALSE)) -> #REF! | G70: =E70*F70 -> #REF! | I70: 160 | J70: 1 | K70: 0
A71: 6 | B71: Versão Final do Plano (P10) e Banco de Dados (P11) | G71: =SUM(G72:G76) -> #REF! | L71: 1 | M71: P10 | N71: P11
A72: 6.1 | B72: =IF(C72="","",VLOOKUP(C72,#REF!,2,FALSE)) -> #REF! | C72: 05.105.033-0 | D72: h | E72: =I72*J72*K72 -> 40 | F72: =IF(C72="","",VLOOKUP(C72,#REF!,2,FALSE)) -> #REF! | G72: =E72*F72 -> #REF! | I72: 40 | J72: 1 | K72: 1
A73: 6.2 | B73: =IF(C73="","",VLOOKUP(C73,#REF!,2,FALSE)) -> #REF! | C73: 05.105.032-0 | D73: h | E73: =I73*J73*K73 -> 160 | F73: =IF(C73="","",VLOOKUP(C73,#REF!,2,FALSE)) -> #REF! | G73: =E73*F73 -> #REF! | I73: 160 | J73: 1 | K73: 1
A74: 6.3 | B74: =IF(C74="","",VLOOKUP(C74,#REF!,2,FALSE)) -> #REF! | C74: 05.105.026-0 | D74: h | E74: =I74*J74*K74 -> 0 | F74: =IF(C74="","",VLOOKUP(C74,#REF!,2,FALSE)) -> #REF! | G74: =E74*F74 -> #REF! | I74: 160 | J74: 1 | K74: 0
A75: 6.4 | B75: MAO-DE-OBRA DE TÉCNICO DE GEOPROCESSAMENTO | D75: h | E75: =I75*J75*K75 -> 160 | F75: 53.9 | G75: =E75*F75 -> 8624 | I75: 160 | J75: 1 | K75: 1
A76: 6.5 | B76: =IF(C76="","",VLOOKUP(C76,#REF!,2,FALSE)) -> #REF! | C76: 19.004.042-2 | D76: h | E76: =I76*J76*K76 -> 40 | F76: =IF(C76="","",VLOOKUP(C76,#REF!,2,FALSE)) -> #REF! | G76: =E76*F76 -> #REF! | I76: 40 | J76: 1 | K76: 1
A77: Sub total Planos Municipais de Saneamento | G77: =((G17/10)*9)+SUM(G21,G30,G40,#REF!,G51,#REF!,#REF!,G62,G71) -> #REF!
A78: Sub total Planos Municipais de Saneamento (c/ BDI 16%) | G78: =G77*1.16 -> #REF!
L79: =SUM(L21:L78) -> 6 | M79: meses
B80: TOTAL | G80: =SUM(G71,G62,G51,,G40,G30,G21,G17) -> #REF!
B81: BDI (8%) | G81: =G80*0.08 -> #REF!
B82: TOTAL GERAL | G82: =SUM(G80:G81) -> #REF!

Sheet Crono_20-30
A9: CRONOGRAMA FÍSICO-FINANCEIRO
A10: Projeto: ELABORAÇÃO DE PLANO MUNICIPAL DE SANEAMENTO NAS MODALIDADES ÁGUA, ESGOTO E DRENAGEM URBANA, PARA MUNICÍPIOS COM POPULAÇÃO ENTRE 15 E 30 MIL HABITANTES
A12: Atividade | B12: Supervisão/mês | C12: DIAS
C13: 30 | D13: 60 | E13: 90 | F13: 120 | G13: 150 | H13: 180
A15: Plano de Trabalho e Projeto de Comunicação e Mobilização Social (P1+P2) | B15: ='Orç_20-30'!$G$17/6 -> #REF!
C16: =('Orç_20-30'!G21+('Crono_20-30'!B15*1))*1.08 -> #REF!
A17: Caracterização do Município (P3) | B17: ='Orç_20-30'!$G$17/6 -> #REF!
D18: =('Orç_20-30'!G30+('Crono_20-30'!B17*1))*1.08 -> #REF!
A19: Diagnóstico do Serviço de Abastecimento de Água Potável (P4), Esgotamento Sanitário e Drenagem Pluvial Urbana (P5) | B19: ='Orç_20-30'!$G$17/6 -> #REF!
E20: =('Orç_20-30'!G40+('Crono_20-30'!B19*1))*1.08 -> #REF!
A21: Proposição de Arranjos Institucionais, Jurídicos e Econômico-Financeiros (P6), sistemas de Abastecimento de Água (P7), esgotamento sanitário e drenagem pluvial urbana (P8) | B21: ='Orç_20-30'!$G$17/6 -> #REF!
F22: =('Orç_20-30'!G51+('Crono_20-30'!B21*1))*1.08 -> #REF!
A23: Versão Preliminar do PMSB (P9) | B23: ='Orç_20-30'!$G$17/6 -> #REF!
G24: =('Orç_20-30'!G62+('Crono_20-30'!B23*1))*1.08 -> #REF!
A25: Banco de Dados (P10) e Versão Final do Plano (P11) | B25: ='Orç_20-30'!$G$17/6 -> #REF!
H26: =('Orç_20-30'!G71+('Crono_20-30'!B25*1))*1.08 -> #REF!
A27: Total | C27: =SUM(C15:C26) -> #REF! | D27: =SUM(D15:D26) -> #REF! | E27: =SUM(E15:E26) -> #REF! | F27: =SUM(F15:F26) -> #REF! | G27: =SUM(G15:G26) -> #REF! | H27: =SUM(H15:H26) -> #REF!
A28: Total Acumulado | C28: =SUM(C27) -> #REF! | D28: =SUM(C27:D27) -> #REF! | E28: =SUM(C27:E27) -> #REF! | F28: =SUM(C27:F27) -> #REF! | G28: =SUM(C27:G27) -> #REF! | H28: =SUM(C27:H27) -> #REF!
A29: Total (%) | C29: =(C27/$H$28)*100 -> #REF! | D29: =(D27/$H$28)*100 -> #REF! | E29: =(E27/$H$28)*100 -> #REF! | F29: =(F27/$H$28)*100 -> #REF! | G29: =(G27/$H$28)*100 -> #REF! | H29: =(H27/$H$28)*100 -> #REF!
A30: Total Acumulado (%) | C30: =(C28/$H$28)*100 -> #REF! | D30: =(D28/$H$28)*100 -> #REF! | E30: =(E28/$H$28)*100 -> #REF! | F30: =(F28/$H$28)*100 -> #REF! | G30: =(G28/$H$28)*100 -> #REF! | H30: =(H28/$H$28)*100 -> #REF!

Sheet DNIT04.23
A1: P8001 | B1: Advogado júnior | C1: mês | D1: 4222.14
A2: P8002 | B2: Advogado pleno | C2: mês | D2: 5629.52
A3: P8003 | B3: Advogado sênior | C3: mês | D3: 9740.87
A4: P8007 | B4: Analista de desenvolvimento de sistemas júnior | C4: mês | D4: 3731.91
A5: P8008 | B5: Analista de desenvolvimento de sistemas pleno | C5: mês | D5: 4975.88
A6: P8009 | B6: Analista de desenvolvimento de sistemas sênior | C6: mês | D6: 8853.75
A7: P8013 | B7: Arquiteto júnior | C7: mês | D7: 11067
A8: P8014 | B8: Arquiteto pleno | C8: mês | D8: 11492.2
A9: P8015 | B9: Arquiteto sênior | C9: mês | D9: 14185.72
A10: P8019 | B10: Assistente social júnior | C10: mês | D10: 2867.66
A11: P8020 | B11: Assistente social pleno | C11: mês | D11: 3823.55
A12: P8021 | B12: Assistente social sênior | C12: mês | D12: 6517.04
... A98: P8200 | B98: Sociólogo sênior | C98: mês | D98: 7915.13

Sheet K
A1: =Capa!A19 -> ORÇAMENTO PARA ELABORAÇÃO DE PROJETOS DE SISTEMA DE TRATAMENTO DE ESGOTO SANITÁRIO DE PEQUENO PORTE
A4: Detalhamento do Fator K | F4: Data: | G4: =Capa!$C$51 -> Preencher a data
A5: Comitê: | B5: =Capa!$B$25 -> CBH-DOCE
A6: Município: | B6: =Capa!$B$30 -> Baixo Guandu/Espírito Santo
A8: Os K's foram calculados através de fórmulas estabelecidas pelo Acórdão 1787/2011. Os parâmetros utilizados foram estabelecidos pela Nota Técnica Conjunta nº 01/2012/SIP/SAF da Agência Nacional de Águas.
A11: DETALHAMENTO DO FATOR K
A12: ES - ENCARGOS SOCIAIS* | G12: 0.8179
A13: ESA - ENCARGOS SOCIAIS SOBRE RPA | G13: 0.2
A14: ARDF - ADMINISTRAÇÃO, RISCO E DESPESAS FINANCEIRAS | G14: 0.1729
A15: L - LUCRO | G15: 0.0876
A16: DFL - DESPESAS FISCAIS LEGAIS | G16: =(1/(1-(E18+E19+E20))-1) -> 0.16618076
A17: DFL=(PIS+COFINS+ISS)/(1-PIS+COFINS+ISS)
A18: PIS | E18: 0.0165
A19: COFINS | E19: 0.076
A20: ISS** | E20: 0.05
A22: K1 | B22: Permanente | C22: K1 = [(1+ES+ARDF)*(1+L)*(1+DFL)] | G22: =TRUNC((1+G12+G14)*(1+G15)*(1+G16),2) -> 2.52
A23: K2 | B23: Consultores | C23: K2 = [(1+ESA+ARDF)*(1+L)*(1+DFL)] | G23: =(1+G13+G14)*(1+G15)*(1+G16) -> 1.7413015
A24: K3 | B24: Serviço de Apoio Técnico | C24: K3 = [(1+ARDF)*(1+L)*(1+DFL)] | G24: =(1+G14)*(1+G15)*(1+G16) -> 1.4876339
A25: K4 | B25: Despesas diretas | C25: K4 = (1+L)*(1+DFL) | G25: =(1+G15)*(1+G16) -> 1.2683382
A26: * Valor adotado conforme Portaria nº 498/2024 da Agência Nacional de Águas e Saneamento Básico ** Valor adotado conforme constante no Anexo I da Lei Complementar nº 5/2016, que dispõe sobre o Sistema Tributário do Município de Baixo Guandu.

Sheet P1
D1: =#REF! -> #REF!
A2: Produto 1: | C2: Plano de Trabalho | J2: Data: | K2: =Capa!$C$51 -> Preencher a data
A3: Comitê: | C3: =Capa!$B$25 -> CBH-DOCE
A4: Município: | C4: =Capa!$B$30 -> Baixo Guandu/Espírito Santo
A6: Item | B6: Código | C6: Data-Base | D6: Órgão | E6: Descrição | F6: Custo unitário (R$) | H6: Quantitativo | I6: Custo total (R$) | J6: Custo total com K (R$) | K6: Peso (%)
A7: 1 | B7: EQUIPE TÉCNICA | J7: =J9 -> 0 | K7: =J7/$J$53 -> #DIV/0!
A9: 1.1 | B9: PERMANENTE | J9: =SUM(J10:J14) -> 0 | K9: =SUM(K10:K14) -> #DIV/0!
A10: a) | B10: P8061 | C10: abr/2026 | D10: DNIT | E10: Engenheiro Coordenador | F10: 0 | G10: hora | H10: 9.5868598 | I10: =H10*F10 -> 0 | J10: =I10*K!$G$23 -> 0 | K10: =J10/$J$53 -> #DIV/0!
A11: b) | B11: P8065 | C11: abr/2026 | D11: DNIT | E11: Engenheiro de Projetos - Junior | F11: 0 | G11: hora | H11: 6.3912399 | I11: =H11*F11 -> 0 | J11: =I11*K!$G$23 -> 0 | K11: =J11/$J$53 -> #DIV/0!
A12: c) | B12: P8066 | C12: abr/2026 | D12: DNIT | E12: Engenheiro de Projetos - Pleno | G12: hora | H12: 0 | I12: =H12*F12 -> 0 | J12: =I12*K!$G$23 -> 0 | K12: =J12/$J$53 -> #DIV/0!
A13: c) | B13: P8155 | C13: abr/2026 | D13: DNIT | E13: Técnico cadista | F13: 0 | G13: hora | H13: 0 | I13: =H13*F13 -> 0 | J13: =I13*K!$G$23 -> 0 | K13: =J13/$J$53 -> #DIV/0!
A14: d) | B14: P8026 | C14: abr/2026 | D14: DNIT | E14: Auxiliar Administrativo | F14: 0 | G14: hora | H14: 15.9781 | I14: =H14*F14 -> 0 | J14: =I14*K!$G$23 -> 0 | K14: =J14/$J$53 -> #DIV/0!
A16: 2 | B16: CONSULTORES | J16: =J18 -> 0 | K16: =J16/$J$53 -> #DIV/0!
A18: 2.1 | B18: CONSULTORES | J18: =SUM(J19:J24) -> 0 | K18: =SUM(K19:K24) -> #DIV/0!
A19: a) | B19: P8003 | C19: abr/2026 | D19: DNIT | E19: Advogado sênior | F19: 78.64 | G19: hora | H19: 0 | I19: =H19*F19 -> 0 | J19: =(I19*K!$G$23) -> 0 | K19: =J19/$J$53 -> #DIV/0!
A20: b) | B20: P8066 | C20: abr/2026 | D20: DNIT | E20: Engenheiro de Projetos (Elétrico) - Pleno | F20: 100.09 | G20: hora | H20: 0 | I20: =H20*F20 -> 0 | J20: =(I20*K!$G$23) -> 0 | K20: =J20/$J$53 -> #DIV/0!
A21: a) | B21: P8066 | C21: abr/2026 | D21: DNIT | E21: Engenheiro de Projeto (Orçamentista) - Pleno | F21: 0 | G21: hora | H21: 0 | I21: =H21*F21 -> 0 | J21: =(I21*K!$G$23) -> 0 | K21: =J21/$J$53 -> #DIV/0!
A22: d) | B22: P8066 | C22: abr/2026 | D22: DNIT | E22: Engenheiro de Projetos (Mecânico) - Pleno | F22: 100.09 | G22: hora | H22: 0 | I22: =H22*F22 -> 0 | J22: =(I22*K!$G$23) -> 0 | K22: =J22/$J$53 -> #DIV/0!
A23: b) | B23: P8058 | C23: abr/2026 | D23: DNIT | E23: Engenheiro ambiental - Pleno | F23: 0 | G23: hora | H23: 0 | I23: =H23*F23 -> 0 | J23: =(I23*K!$G$23) -> 0 | K23: =J23/$J$53 -> #DIV/0!
A24: f) | B24: P8155 | C24: abr/2026 | D24: DNIT | E24: Técnico em geoprocessamento | F24: 20.62 | G24: hora | H24: 0 | I24: =H24*F24 -> 0 | J24: =(I24*K!$G$23) -> 0 | K24: =J24/$J$53 -> #DIV/0!
A26: 3 | B26: SERVIÇOS DE APOIO TÉCNICO | J26: =J28+J33+J39+J43 -> 0 | K26: =J26/$J$53 -> #DIV/0!
A28: 3.1 | B28: SERVIÇOS DE TOPOGRAFIA | J28: =SUM(J29:J31) -> 0 | K28: =SUM(K29:K31) -> #DIV/0!
A29: a) | B29: 65003710 | C29: abr/2026 | D29: COPASA | E29: Mobilização e desmobilização de equipe de topografia | F29: 0 | G29: km | H29: 0 | I29: =H29*F29 -> 0 | J29: =(I29*K!$G$24) -> 0 | K29: =J29/$J$53 -> #DIV/0!
A30: b) | B30: 65001667 | C30: abr/2026 | D30: COPASA | E30: Equipe de topografia de campo | F30: 0 | G30: mês | H30: 0 | I30: =H30*F30 -> 0 | J30: =(I30*K!$G$24) -> 0 | K30: =J30/$J$53 -> #DIV/0!
A31: c) | B31: 65001668 | C31: abr/2026 | D31: COPASA | E31: Equipe de topografia de escritório | F31: 0 | G31: mês | H31: 0 | I31: =H31*F31 -> 0 | J31: =(I31*K!$G$24) -> 0 | K31: =J31/$J$53 -> #DIV/0!
A33: 3.2 | B33: SERVIÇOS DE SONDAGEM | J33: =SUM(J35:J37) -> 0 | K33: =SUM(K35:K37) -> #DIV/0!
A34: a) | B34: 65001207 | C34: abr/2026 | D34: COPASA | E34: Sondagem a percussao - mobilizacao e desmobilizacao | F34: 0 | G34: unidade | H34: 0 | I34: =H34*F34 -> 0 | J34: =(I34*K!$G$24) -> 0 | K34: =J34/$J$53 -> #DIV/0!
A35: b) | B35: 65001208 | C35: abr/2026 | D35: COPASA | E35: Sondagem a percussao - adicional de mobilizacao e desmobilizacao | F35: 0 | G35: km | H35: 0 | I35: =H35*F35 -> 0 | J35: =(I35*K!$G$24) -> 0 | K35: =J35/$J$53 -> #DIV/0!
A36: c) | B36: 65001209 | C36: abr/2026 | D36: COPASA | E36: Sondagem a percussao - instalacao por furo | F36: 0 | G36: unidade | H36: 0 | I36: =H36*F36 -> 0 | J36: =(I36*K!$G$24) -> 0 | K36: =J36/$J$53 -> #DIV/0!
A37: d) | B37: 65001210 | C37: abr/2026 | D37: COPASA | E37: Sondagem a percussao ø2.1/2" - perfuracao e retirada de amostras | F37: 0 | G37: m | H37: 0 | I37: =H37*F37 -> 0 | J37: =(I37*K!$G$24) -> 0 | K37: =J37/$J$53 -> #DIV/0!
A39: 3.3 | B39: CADASTRO TÉCNICO | J39: =SUM(J40:J41) -> 0 | K39: =SUM(K40:K41) -> #DIV/0!
A40: a) | B40: 65001667 | C40: abr/2026 | D40: COPASA | E40: Equipe de topografia de campo | F40: 0 | G40: mês | H40: 0 | I40: =H40*F40 -> 0 | J40: =(I40*K!$G$24) -> 0 | K40: =J40/$J$53 -> #DIV/0!
A41: b) | B41: 65001668 | C41: abr/2026 | D41: COPASA | E41: Equipe de topografia de escritório | F41: 0 | G41: mês | H41: 0 | I41: =H41*F41 -> 0 | J41: =(I41*K!$G$24) -> 0 | K41: =J41/$J$53 -> #DIV/0!
A43: 3.4 | B43: ANÁLISE DE ÁGUA | J43: =SUM(J44:J45) -> 0 | K43: =SUM(K44:K45) -> #DIV/0!
A44: a) | B44: 65001114 | C44: abr/2026 | D44: COPASA | E44: Análise fisico-química da água | F44: 0 | G44: unidade | H44: 0 | I44: =H44*F44 -> 0 | J44: =(I44*K!$G$24) -> 0 | K44: =J44/$J$53 -> #DIV/0!
A45: b) | B45: 65001115 | C45: abr/2026 | D45: COPASA | E45: Analise bactereologica da água | F45: 0 | G45: unidade | H45: 0 | I45: =H45*F45 -> 0 | J45: =(I45*K!$G$24) -> 0 | K45: =J45/$J$53 -> #DIV/0!
A46: 4. | B46: DESPESAS DIVERSAS | J46: =J48 -> 0 | K46: =J46/$J$53 -> #DIV/0!
A48: 4.1 | B48: OUTRAS DESPESAS | J48: =SUM(J49:J51) -> 0 | K48: =SUM(K49:K51) -> #DIV/0!
A49: a) | B49: 65001001 | C49: abr/2026 | D49: COPASA | E49: Veículo tipo pick-up | F49: 0 | G49: R$/dia | H49: 0 | I49: =H49*F49 -> 0 | J49: =(I49*K!$G$25) -> 0 | K49: =J49/$J$53 -> #DIV/0!
A50: b) | B50: - | C50: mai/2026 | D50: AGEVAP | E50: Refeições | F50: 0 | G50: unidade | H50: 0 | I50: =H50*F50 -> 0 | J50: =(I50*K!$G$25) -> 0 | K50: =J50/$J$53 -> #DIV/0!
A51: c) | B51: - | C51: mai/2026 | D51: AGEVAP | E51: Diárias | F51: 0 | G51: unidade | H51: 0 | I51: =H51*F51 -> 0 | J51: =(I51*K!$G$25) -> 0 | K51: =J51/$J$53 -> #DIV/0!
A53: VALOR TOTAL - Inclusos K's | I53: R$ | J53: =ROUND((J7+J16+J26+J46),2) -> 0 | K53: =K7+K16+K26+K46 -> #DIV/0!
A55: Observações:
A56: 1- | B56: Os K's foram calculados através de fórmulas estabelecidas pelo Acórdão 1787/2011. Os parâmetros utilizados foram estabelecidos pela Nota Técnica Conjunta nº 01/2012/SIP/SAF da Agência Nacional de Águas.
A57: 2- | B57: A remuneração horária é determinada dividindo-se o valor da remuneração mensal pela carga horária efetivamente trabalhada.
A58: 3- | B58: No valor do veículo já estão inclusos os valores de locação, gasolina, manutenção e pedágio.
A59: 4- | B59: Itens 1 e 2 foram submetidos à atualização de preços, os valores da referência foram atualizados mediante a aplicação da variação do índice da FGV – Coluna 39 – Consultoria (Supervisão e Projetos),conforme aba 'reajuste'.

Sheet P2
D1: ='P3'!D1 -> #REF!
A2: Produto 2: | C2: Cadastro Técnico | J2: Data: | K2: =Capa!$C$51 -> Preencher a data
A3: Comitê: | C3: =Capa!$B$25 -> CBH-DOCE
A4: Município: | C4: =Capa!$B$30 -> Baixo Guandu/Espírito Santo
A6: Item | B6: Código | C6: Data-Base | D6: Órgão | E6: Descrição | F6: Custo unitário (R$) | H6: Quantitativo | I6: Custo total (R$) | J6: Custo total com K (R$) | K6: Peso (%)
A7: 1 | B7: EQUIPE TÉCNICA | J7: =J9 -> 0 | K7: =J7/$J$53 -> #DIV/0!
A9: 1.1 | B9: PERMANENTE | J9: =SUM(J10:J14) -> 0 | K9: =SUM(K10:K14) -> #DIV/0!
A10: a) | B10: P8061 | C10: abr/2026 | D10: DNIT | E10: Engenheiro Coordenador | F10: 0 | G10: hora | H10: 3.1956199 | I10: =H10*F10 -> 0 | J10: =(I10*K!$G$23) -> 0 | K10: =J10/$J$53 -> #DIV/0!
A11: b) | B11: P8065 | C11: abr/2026 | D11: DNIT | E11: Engenheiro de Projetos - Junior | F11: 0 | G11: hora | H11: 9.5868598 | I11: =H11*F11 -> 0 | J11: =(I11*K!$G$23) -> 0 | K11: =J11/$J$53 -> #DIV/0!
A12: c) | B12: P8066 | C12: abr/2026 | D12: DNIT | E12: Engenheiro de Projetos - Pleno | G12: hora | H12: 0 | I12: =H12*F12 -> 0 | J12: =(I12*K!$G$23) -> 0 | K12: =J12/$J$53 -> #DIV/0!
A13: c) | B13: P8155 | C13: abr/2026 | D13: DNIT | E13: Técnico cadista | F13: 0 | G13: hora | H13: 0 | I13: =H13*F13 -> 0 | J13: =(I13*K!$G$23) -> 0 | K13: =J13/$J$53 -> #DIV/0!
A14: d) | B14: P8026 | C14: abr/2026 | D14: DNIT | E14: Auxiliar Administrativo | F14: 0 | G14: hora | H14: 31.956199 | I14: =H14*F14 -> 0 | J14: =(I14*K!$G$23) -> 0 | K14: =J14/$J$53 -> #DIV/0!
A16: 2 | B16: CONSULTORES | J16: =J18 -> 0 | K16: =J16/$J$53 -> #DIV/0!
A18: 2.1 | B18: CONSULTORES | J18: =SUM(J19:J24) -> 0 | K18: =SUM(K19:K24) -> #DIV/0!
A19: a) | B19: P8003 | C19: abr/2026 | D19: DNIT | E19: Advogado sênior | F19: 78.64 | G19: hora | H19: 0 | I19: =H19*F19 -> 0 | J19: =(I19*K!$G$23) -> 0 | K19: =J19/$J$53 -> #DIV/0!
A20: b) | B20: P8066 | C20: abr/2026 | D20: DNIT | E20: Engenheiro de Projetos (Elétrico) - Pleno | F20: 100.09 | G20: hora | H20: 0 | I20: =H20*F20 -> 0 | J20: =(I20*K!$G$23) -> 0 | K20: =J20/$J$53 -> #DIV/0!
A21: a) | B21: P8066 | C21: abr/2026 | D21: DNIT | E21: Engenheiro de Projeto (Orçamentista) - Pleno | F21: 0 | G21: hora | H21: 0 | I21: =H21*F21 -> 0 | J21: =(I21*K!$G$23) -> 0 | K21: =J21/$J$53 -> #DIV/0!
A22: d) | B22: P8066 | C22: abr/2026 | D22: DNIT | E22: Engenheiro de Projetos (Mecânico) - Pleno | F22: 100.09 | G22: hora | H22: 0 | I22: =H22*F22 -> 0 | J22: =(I22*K!$G$23) -> 0 | K22: =J22/$J$53 -> #DIV/0!
A23: b) | B23: P8058 | C23: abr/2026 | D23: DNIT | E23: Engenheiro ambiental - Pleno | F23: 0 | G23: hora | H23: 0 | I23: =H23*F23 -> 0 | J23: =(I23*K!$G$23) -> 0 | K23: =J23/$J$53 -> #DIV/0!
A24: f) | B24: P8155 | C24: abr/2026 | D24: DNIT | E24: Técnico em geoprocessamento | F24: 20.62 | G24: hora | H24: 0 | I24: =H24*F24 -> 0 | J24: =(I24*K!$G$23) -> 0 | K24: =J24/$J$53 -> #DIV/0!
A26: 3 | B26: SERVIÇOS DE APOIO TÉCNICO | J26: =J28+J33+J39+J43 -> 0 | K26: =J26/$J$53 -> #DIV/0!
A28: 3.1 | B28: SERVIÇOS DE TOPOGRAFIA | J28: =SUM(J29:J31) -> 0 | K28: =SUM(K29:K31) -> #DIV/0!
A29: a) | B29: 65003710 | C29: abr/2026 | D29: COPASA | E29: Mobilização e desmobilização de equipe de topografia | F29: 0 | G29: km | H29: 0 | I29: =H29*F29 -> 0 | J29: =(I29*K!$G$24) -> 0 | K29: =J29/$J$53 -> #DIV/0!
A30: b) | B30: 65001667 | C30: abr/2026 | D30: COPASA | E30: Equipe de topografia de campo | F30: 0 | G30: mês | H30: 0 | I30: =H30*F30 -> 0 | J30: =(I30*K!$G$24) -> 0 | K30: =J30/$J$53 -> #DIV/0!
A31: c) | B31: 65001668 | C31: abr/2026 | D31: COPASA | E31: Equipe de topografia de escritório | F31: 0 | G31: mês | H31: 0 | I31: =H31*F31 -> 0 | J31: =(I31*K!$G$24) -> 0 | K31: =J31/$J$53 -> #DIV/0!
A33: 3.2 | B33: SERVIÇOS DE SONDAGEM | J33: =SUM(J34:J37) -> 0 | K33: =SUM(K35:K36) -> #DIV/0!
A34: a) | B34: 65001207 | C34: abr/2026 | D34: COPASA | E34: Sondagem a percussao - mobilizacao e desmobilizacao | F34: 0 | G34: unidade | H34: 0 | I34: =H34*F34 -> 0 | J34: =(I34*K!$G$24) -> 0 | K34: =J34/$J$53 -> #DIV/0!
A35: b) | B35: 65001208 | C35: abr/2026 | D35: COPASA | E35: Sondagem a percussao - adicional de mobilizacao e desmobilizacao | F35: 0 | G35: km | H35: 0 | I35: =H35*F35 -> 0 | J35: =(I35*K!$G$24) -> 0 | K35: =J35/$J$53 -> #DIV/0!
A36: c) | B36: 65001209 | C36: abr/2026 | D36: COPASA | E36: Sondagem a percussao - instalacao por furo | F36: 0 | G36: unidade | H36: 0 | I36: =H36*F36 -> 0 | J36: =(I36*K!$G$24) -> 0 | K36: =J36/$J$53 -> #DIV/0!
A37: d) | B37: 65001210 | C37: abr/2026 | D37: COPASA | E37: Sondagem a percussao ø2.1/2" - perfuracao e retirada de amostras | F37: 0 | G37: m | H37: 0 | I37: =H37*F37 -> 0 | J37: =(I37*K!$G$24) -> 0 | K37: =J37/$J$53 -> #DIV/0!
A39: 3.3 | B39: CADASTRO TÉCNICO | J39: =SUM(J40:J41) -> 0 | K39: =SUM(K40:K41) -> #DIV/0!
A40: a) | B40: 65001667 | C40: abr/2026 | D40: COPASA | E40: Equipe de topografia de campo | F40: 0 | G40: mês | H40: 0.04132864 | I40: =H40*F40 -> 0 | J40: =(I40*K!$G$24) -> 0 | K40: =J40/$J$53 -> #DIV/0!
A41: b) | B41: 65001668 | C41: abr/2026 | D41: COPASA | E41: Equipe de topografia de escritório | F41: 0 | G41: mês | H41: 0.04132864 | I41: =H41*F41 -> 0 | J41: =(I41*K!$G$24) -> 0 | K41: =J41/$J$53 -> #DIV/0!
A43: 3.4 | B43: ANÁLISE DE ÁGUA | J43: =SUM(J44:J45) -> 0 | K43: =SUM(K44:K45) -> #DIV/0!
A44: a) | B44: 65001114 | C44: abr/2026 | D44: COPASA | E44: Análise fisico-química da água | F44: 0 | G44: unidade | H44: 0 | I44: =H44*F44 -> 0 | J44: =(I44*K!$G$24) -> 0 | K44: =J44/$J$53 -> #DIV/0!
A45: b) | B45: 65001115 | C45: abr/2026 | D45: COPASA | E45: Analise bactereologica da água | F45: 0 | G45: unidade | H45: 0 | I45: =H45*F45 -> 0 | J45: =(I45*K!$G$24) -> 0 | K45: =J45/$J$51 -> #DIV/0!
A46: 4. | B46: DESPESAS DIVERSAS | J46: =J48 -> 0 | K46: =J46/$J$53 -> #DIV/0!
A48: 4.1 | B48: OUTRAS DESPESAS | J48: =SUM(J49:J51) -> 0 | K48: =SUM(K49:K51) -> #DIV/0!
A49: a) | B49: 65001001 | C49: abr/2026 | D49: COPASA | E49: Veículo tipo pick-up | F49: 0 | G49: R$/dia | H49: 0.5 | I49: =H49*F49 -> 0 | J49: =(I49*K!$G$25) -> 0 | K49: =J49/$J$53 -> #DIV/0!
A50: b) | B50: - | C50: mai/2026 | D50: AGEVAP | E50: Refeições | F50: 0 | G50: unidade | H50: 2 | I50: =H50*F50 -> 0 | J50: =(I50*K!$G$25) -> 0 | K50: =J50/$J$53 -> #DIV/0!
A51: c) | B51: - | C51: mai/2026 | D51: AGEVAP | E51: Diárias | F51: 0 | G51: unidade | H51: 2 | I51: =H51*F51 -> 0 | J51: =(I51*K!$G$25) -> 0 | K51: =J51/$J$53 -> #DIV/0!
A53: VALOR TOTAL - Inclusos K's | I53: R$ | J53: =ROUND((J7+J16+J26+J46),2) -> 0 | K53: =K7+K16+K26+K46 -> #DIV/0!
A55: Observações:
A56: 1- | B56: Os K's foram calculados através de fórmulas estabelecidas pelo Acórdão 1787/2011. Os parâmetros utilizados foram estabelecidos pela Nota Técnica Conjunta nº 01/2012/SIP/SAF da Agência Nacional de Águas.
A57: 2- | B57: A remuneração horária é determinada dividindo-se o valor da remuneração mensal pela carga horária efetivamente trabalhada.
A58: 3- | B58: No valor do veículo já estão inclusos os valores de locação, gasolina, manutenção e pedágio.

Sheet P3
D1: ='P1'!D1 -> #REF!
A2: Produto 3: | C2: Estudo Topográfico | J2: Data: | K2: =Capa!$C$51 -> Preencher a data
A3: Comitê: | C3: =Capa!$B$25 -> CBH-DOCE
A4: Município: | C4: =Capa!$B$30 -> Baixo Guandu/Espírito Santo
A6: Item | B6: Código | C6: Data-Base | D6: Órgão | E6: Descrição | F6: Custo unitário (R$) | H6: Quantitativo | I6: Custo total (R$) | J6: Custo total com K (R$) | K6: Peso (%)
A7: 1 | B7: EQUIPE TÉCNICA | J7: =J9 -> 0 | K7: =J7/$J$53 -> #DIV/0!
A9: 1.1 | B9: PERMANENTE | J9: =SUM(J10:J14) -> 0 | K9: =SUM(K10:K14) -> #DIV/0!
A10: a) | B10: P8061 | C10: abr/2026 | D10: DNIT | E10: Engenheiro Coordenador | F10: 0 | G10: hora | H10: 3.1956199 | I10: =H10*F10 -> 0 | J10: =(I10*K!$G$23) -> 0 | K10: =J10/$J$53 -> #DIV/0!
A11: b) | B11: P8065 | C11: abr/2026 | D11: DNIT | E11: Engenheiro de Projetos - Junior | F11: 0 | G11: hora | H11: 9.5868598 | I11: =H11*F11 -> 0 | J11: =(I11*K!$G$23) -> 0 | K11: =J11/$J$53 -> #DIV/0!
A12: c) | B12: P8066 | C12: abr/2026 | D12: DNIT | E12: Engenheiro de Projetos - Pleno | G12: hora | H12: 0 | I12: =H12*F12 -> 0 | J12: =(I12*K!$G$23) -> 0 | K12: =J12/$J$53 -> #DIV/0!
A13: c) | B13: P8155 | C13: abr/2026 | D13: DNIT | E13: Técnico cadista | F13: 0 | G13: hora | H13: 0 | I13: =H13*F13 -> 0 | J13: =(I13*K!$G$23) -> 0 | K13: =J13/$J$53 -> #DIV/0!
A14: d) | B14: P8026 | C14: abr/2026 | D14: DNIT | E14: Auxiliar Administrativo | F14: 0 | G14: hora | H14: 31.956199 | I14: =H14*F14 -> 0 | J14: =(I14*K!$G$23) -> 0 | K14: =J14/$J$53 -> #DIV/0!
A16: 2 | B16: CONSULTORES | J16: =J18 -> 0 | K16: =J16/$J$53 -> #DIV/0!
A18: 2.1 | B18: CONSULTORES | J18: =SUM(J19:J24) -> 0 | K18: =SUM(K19:K24) -> #DIV/0!
A19: a) | B19: P8003 | C19: abr/2026 | D19: DNIT | E19: Advogado sênior | F19: 78.64 | G19: hora | H19: 0 | I19: =H19*F19 -> 0 | J19: =(I19*K!$G$23) -> 0 | K19: =J19/$J$53 -> #DIV/0!
A20: b) | B20: P8066 | C20: abr/2026 | D20: DNIT | E20: Engenheiro de Projetos (Elétrico) - Pleno | F20: 100.09 | G20: hora | H20: 0 | I20: =H20*F20 -> 0 | J20: =(I20*K!$G$23) -> 0 | K20: =J20/$J$53 -> #DIV/0!
A21: a) | B21: P8066 | C21: abr/2026 | D21: DNIT | E21: Engenheiro de Projeto (Orçamentista) - Pleno | F21: 0 | G21: hora | H21: 0 | I21: =H21*F21 -> 0 | J21: =(I21*K!$G$23) -> 0 | K21: =J21/$J$53 -> #DIV/0!
A22: d) | B22: P8066 | C22: abr/2026 | D22: DNIT | E22: Engenheiro de Projetos (Mecânico) - Pleno | F22: 100.09 | G22: hora | H22: 0 | I22: =H22*F22 -> 0 | J22: =(I22*K!$G$23) -> 0 | K22: =J22/$J$53 -> #DIV/0!
A23: b) | B23: P8058 | C23: abr/2026 | D23: DNIT | E23: Engenheiro ambiental - Pleno | F23: 0 | G23: hora | H23: 0 | I23: =H23*F23 -> 0 | J23: =(I23*K!$G$23) -> 0 | K23: =J23/$J$53 -> #DIV/0!
A24: f) | B24: P8155 | C24: abr/2026 | D24: DNIT | E24: Técnico em geoprocessamento | F24: 20.62 | G24: hora | H24: 0 | I24: =H24*F24 -> 0 | J24: =(I24*K!$G$23) -> 0 | K24: =J24/$J$53 -> #DIV/0!
A26: 3 | B26: SERVIÇOS DE APOIO TÉCNICO | J26: =J28+J33+J39+J43 -> 0 | K26: =J26/$J$53 -> #DIV/0!
A28: 3.1 | B28: SERVIÇOS DE TOPOGRAFIA | J28: =SUM(J29:J31) -> 0 | K28: =SUM(K29:K31) -> #DIV/0!
A29: a) | B29: 65003710 | C29: abr/2026 | D29: COPASA | E29: Mobilização e desmobilização de equipe de topografia | F29: 0 | G29: km | H29: 516 | I29: =H29*F29 -> 0 | J29: =(I29*K!$G$24) -> 0 | K29: =J29/$J$53 -> #DIV/0!
A30: b) | B30: 65001667 | C30: abr/2026 | D30: COPASA | E30: Equipe de topografia de campo | F30: 0 | G30: mês | H30: 0.025322917 | I30: =H30*F30 -> 0 | J30: =(I30*K!$G$24) -> 0 | K30: =J30/$J$53 -> #DIV/0! | M30: =J30+'P2'!J40 -> 0
A31: c) | B31: 65001668 | C31: abr/2026 | D31: COPASA | E31: Equipe de topografia de escritório | F31: 0 | G31: mês | H31: 0.012661458 | I31: =H31*F31 -> 0 | J31: =(I31*K!$G$24) -> 0 | K31: =J31/$J$53 -> #DIV/0! | M31: =J31+'P2'!J41 -> 0
A33: 3.2 | B33: SERVIÇOS DE SONDAGEM | J33: =SUM(J35:J36) -> 0 | K33: =SUM(K35:K36) -> #DIV/0!
A34: a) | B34: 65001207 | C34: abr/2026 | D34: COPASA | E34: Sondagem a percussao - mobilizacao e desmobilizacao | F34: 0 | G34: unidade | H34: 0 | I34: =H34*F34 -> 0 | J34: =(I34*K!$G$24) -> 0 | K34: =J34/$J$53 -> #DIV/0!
A35: b) | B35: 65001208 | C35: abr/2026 | D35: COPASA | E35: Sondagem a percussao - adicional de mobilizacao e desmobilizacao | F35: 0 | G35: km | H35: 0 | I35: =H35*F35 -> 0 | J35: =(I35*K!$G$24) -> 0 | K35: =J35/$J$53 -> #DIV/0!
A36: c) | B36: 65001209 | C36: abr/2026 | D36: COPASA | E36: Sondagem a percussao - instalacao por furo | F36: 0 | G36: unidade | H36: 0 | I36: =H36*F36 -> 0 | J36: =(I36*K!$G$24) -> 0 | K36: =J36/$J$53 -> #DIV/0!
A37: d) | B37: 65001210 | C37: abr/2026 | D37: COPASA | E37: Sondagem a percussao ø2.1/2" - perfuracao e retirada de amostras | F37: 0 | G37: m | H37: 0 | I37: =H37*F37 -> 0 | J37: =(I37*K!$G$24) -> 0 | K37: =J37/$J$53 -> #DIV/0!
A39: 3.3 | B39: CADASTRO TÉCNICO | J39: =SUM(J40:J41) -> 0 | K39: =SUM(K40:K41) -> #DIV/0!
A40: a) | B40: 65001667 | C40: abr/2026 | D40: COPASA | E40: Equipe de topografia de campo | F40: 0 | G40: mês | H40: 0 | I40: =H40*F40 -> 0 | J40: =(I40*K!$G$24) -> 0 | K40: =J40/$J$53 -> #DIV/0!
A41: b) | B41: 65001668 | C41: abr/2026 | D41: COPASA | E41: Equipe de topografia de escritório | F41: 0 | G41: mês | H41: 0 | I41: =H41*F41 -> 0 | J41: =(I41*K!$G$24) -> 0 | K41: =J41/$J$53 -> #DIV/0!
A43: 3.4 | B43: ANÁLISE DE ÁGUA | J43: =SUM(J44:J45) -> 0 | K43: =SUM(K44:K45) -> #DIV/0!
A44: a) | B44: 65001114 | C44: abr/2026 | D44: COPASA | E44: Análise fisico-química da água | F44: 0 | G44: unidade | H44: 0 | I44: =H44*F44 -> 0 | J44: =(I44*K!$G$24) -> 0 | K44: =J44/$J$53 -> #DIV/0!
A45: b) | B45: 65001115 | C45: abr/2026 | D45: COPASA | E45: Analise bactereologica da água | F45: 0 | G45: unidade | H45: 0 | I45: =H45*F45 -> 0 | J45: =(I45*K!$G$24) -> 0 | K45: =J45/$J$53 -> #DIV/0!
A46: 4. | B46: DESPESAS DIVERSAS | J46: =J48 -> 0 | K46: =J46/$J$53 -> #DIV/0!
A48: 4.1 | B48: OUTRAS DESPESAS | J48: =SUM(J49:J51) -> 0 | K48: =SUM(K49:K51) -> #DIV/0!
A49: a) | B49: 65001001 | C49: abr/2026 | D49: COPASA | E49: Veículo tipo pick-up | F49: 0 | G49: R$/dia | H49: 0 | I49: =H49*F49 -> 0 | J49: =(I49*K!$G$25) -> 0 | K49: =J49/$J$53 -> #DIV/0!
A50: b) | B50: - | C50: mai/2026 | D50: AGEVAP | E50: Refeições | F50: 0 | G50: unidade | H50: 0 | I50: =H50*F50 -> 0 | J50: =(I50*K!$G$25) -> 0 | K50: =J50/$J$53 -> #DIV/0!
A51: c) | B51: - | C51: mai/2026 | D51: AGEVAP | E51: Diárias | F51: 0 | G51: unidade | H51: 0 | I51: =H51*F51 -> 0 | J51: =(I51*K!$G$25) -> 0 | K51: =J51/$J$53 -> #DIV/0!
A53: VALOR TOTAL - Inclusos K's | I53: R$ | J53: =ROUND((J7+J16+J26+J46),2) -> 0 | K53: =K7+K16+K26+K46 -> #DIV/0!
A55: Observações:
A56: 1- | B56: Os K's foram calculados através de fórmulas estabelecidas pelo Acórdão 1787/2011. Os parâmetros utilizados foram estabelecidos pela Nota Técnica Conjunta nº 01/2012/SIP/SAF da Agência Nacional de Águas.
A57: 2- | B57: A remuneração horária é determinada dividindo-se o valor da remuneração mensal pela carga horária efetivamente trabalhada.
A58: 3- | B58: No valor do veículo já estão inclusos os valores de locação, gasolina, manutenção e pedágio.

Sheet P4
D1: ='P2'!D1 -> #REF!
A2: Produto 4: | C2: Estudo de Concepção | J2: Data: | K2: =Capa!$C$51 -> Preencher a data
A3: Comitê: | C3: =Capa!$B$25 -> CBH-DOCE
A4: Município: | C4: =Capa!$B$30 -> Baixo Guandu/Espírito Santo
A6: Item | B6: Código | C6: Data-Base | D6: Órgão | E6: Descrição | F6: Custo unitário (R$) | H6: Quantitativo | I6: Custo total (R$) | J6: Custo total com K (R$) | K6: Peso (%)
A7: 1 | B7: EQUIPE TÉCNICA | J7: =J9 -> 0 | K7: =J7/$J$53 -> #DIV/0!
A9: 1.1 | B9: PERMANENTE | J9: =SUM(J10:J14) -> 0 | K9: =SUM(K10:K14) -> #DIV/0!
A10: a) | B10: P8061 | C10: abr/2026 | D10: DNIT | E10: Engenheiro Coordenador | F10: 0 | G10: hora | H10: 19.17372 | I10: =H10*F10 -> 0 | J10: =(I10*K!$G$23) -> 0 | K10: =J10/$J$53 -> #DIV/0!
A11: b) | B11: P8065 | C11: abr/2026 | D11: DNIT | E11: Engenheiro de Projetos - Junior | F11: 0 | G11: hora | H11: 19.17372 | I11: =H11*F11 -> 0 | J11: =(I11*K!$G$23) -> 0 | K11: =J11/$J$53 -> #DIV/0!
A12: c) | B12: P8066 | C12: abr/2026 | D12: DNIT | E12: Engenheiro de Projetos - Pleno | G12: hora | H12: 0 | I12: =H12*F12 -> 0 | J12: =(I12*K!$G$23) -> 0 | K12: =J12/$J$53 -> #DIV/0!
A13: c) | B13: P8155 | C13: abr/2026 | D13: DNIT | E13: Técnico cadista | F13: 0 | G13: hora | H13: 0 | I13: =H13*F13 -> 0 | J13: =(I13*K!$G$23) -> 0 | K13: =J13/$J$53 -> #DIV/0!
A14: d) | B14: P8155 | C14: abr/2026 | D14: DNIT | E14: Auxiliar Administrativo | F14: 0 | G14: hora | H14: 63.912399 | I14: =H14*F14 -> 0 | J14: =(I14*K!$G$23) -> 0 | K14: =J14/$J$53 -> #DIV/0!
A16: 2 | B16: CONSULTORES | J16: =J18 -> 0 | K16: =J16/$J$53 -> #DIV/0!
A18: 2.1 | B18: CONSULTORES | J18: =SUM(J19:J24) -> 0 | K18: =SUM(K19:K24) -> #DIV/0!
A19: a) | B19: P8003 | C19: abr/2026 | D19: DNIT | E19: Advogado sênior | F19: 78.64 | G19: hora | H19: 0 | I19: =H19*F19 -> 0 | J19: =(I19*K!$G$23) -> 0 | K19: =J19/$J$53 -> #DIV/0!
A20: b) | B20: P8066 | C20: abr/2026 | D20: DNIT | E20: Engenheiro de Projetos (Elétrico) - Pleno | F20: 100.09 | G20: hora | H20: 0 | I20: =H20*F20 -> 0 | J20: =(I20*K!$G$23) -> 0 | K20: =J20/$J$53 -> #DIV/0!
A21: a) | B21: P8066 | C21: abr/2026 | D21: DNIT | E21: Engenheiro de Projeto (Orçamentista) - Pleno | F21: 0 | G21: hora | H21: 0 | I21: =H21*F21 -> 0 | J21: =(I21*K!$G$23) -> 0 | K21: =J21/$J$53 -> #DIV/0!
A22: d) | B22: P8066 | C22: abr/2026 | D22: DNIT | E22: Engenheiro de Projetos (Mecânico) - Pleno | F22: 100.09 | G22: hora | H22: 0 | I22: =H22*F22 -> 0 | J22: =(I22*K!$G$23) -> 0 | K22: =J22/$J$53 -> #DIV/0!
A23: b) | B23: P8058 | C23: abr/2026 | D23: DNIT | E23: Engenheiro ambiental - Pleno | F23: 0 | G23: hora | H23: 0 | I23: =H23*F23 -> 0 | J23: =(I23*K!$G$23) -> 0 | K23: =J23/$J$53 -> #DIV/0!
A24: f) | B24: P8155 | C24: abr/2026 | D24: DNIT | E24: Técnico em geoprocessamento | F24: 20.62 | G24: hora | H24: 0 | I24: =H24*F24 -> 0 | J24: =(I24*K!$G$23) -> 0 | K24: =J24/$J$53 -> #DIV/0!
A26: 3 | B26: SERVIÇOS DE APOIO TÉCNICO | J26: =J28+J33+J39+J43 -> 0 | K26: =J26/$J$53 -> #DIV/0!
A28: 3.1 | B28: SERVIÇOS DE TOPOGRAFIA | J28: =SUM(J29:J31) -> 0 | K28: =SUM(K29:K31) -> #DIV/0!
A29: a) | B29: 65003710 | C29: abr/2026 | D29: COPASA | E29: Mobilização e desmobilização de equipe de topografia | F29: 0 | G29: km | H29: 0 | I29: =H29*F29 -> 0 | J29: =(I29*K!$G$24) -> 0 | K29: =J29/$J$53 -> #DIV/0!
A30: b) | B30: 65001667 | C30: abr/2026 | D30: COPASA | E30: Equipe de topografia de campo | F30: 0 | G30: mês | H30: 0 | I30: =H30*F30 -> 0 | J30: =(I30*K!$G$24) -> 0 | K30: =J30/$J$53 -> #DIV/0!
A31: c) | B31: 65001668 | C31: abr/2026 | D31: COPASA | E31: Equipe de topografia de escritório | F31: 0 | G31: mês | H31: 0 | I31: =H31*F31 -> 0 | J31: =(I31*K!$G$24) -> 0 | K31: =J31/$J$53 -> #DIV/0!
A33: 3.2 | B33: SERVIÇOS DE SONDAGEM | J33: =SUM(J34:J37) -> 0 | K33: =SUM(K34:K37) -> #DIV/0!
A34: a) | B34: 65001207 | C34: abr/2026 | D34: COPASA | E34: Sondagem a percussao - mobilizacao e desmobilizacao | F34: 0 | G34: unidade | H34: 0 | I34: =H34*F34 -> 0 | J34: =(I34*K!$G$24) -> 0 | K34: =J34/$J$53 -> #DIV/0!
A35: b) | B35: 65001208 | C35: abr/2026 | D35: COPASA | E35: Sondagem a percussao - adicional de mobilizacao e desmobilizacao | F35: 0 | G35: km | H35: 0 | I35: =H35*F35 -> 0 | J35: =(I35*K!$G$24) -> 0 | K35: =J35/$J$53 -> #DIV/0!
A36: c) | B36: 65001209 | C36: abr/2026 | D36: COPASA | E36: Sondagem a percussao - instalacao por furo | F36: 0 | G36: unidade | H36: 0 | I36: =H36*F36 -> 0 | J36: =(I36*K!$G$24) -> 0 | K36: =J36/$J$53 -> #DIV/0!
A37: d) | B37: 65001210 | C37: abr/2026 | D37: COPASA | E37: Sondagem a percussao ø2.1/2" - perfuracao e retirada de amostras | F37: 0 | G37: m | H37: 0 | I37: =H37*F37 -> 0 | J37: =(I37*K!$G$24) -> 0 | K37: =J37/$J$53 -> #DIV/0!
A39: 3.3 | B39: CADASTRO TÉCNICO | J39: =SUM(J40:J41) -> 0 | K39: =SUM(K40:K41) -> #DIV/0!
A40: a) | B40: 65001667 | C40: abr/2026 | D40: COPASA | E40: Equipe de topografia de campo | F40: 0 | G40: mês | H40: 0 | I40: =H40*F40 -> 0 | J40: =(I40*K!$G$24) -> 0 | K40: =J40/$J$53 -> #DIV/0!
A41: b) | B41: 65001668 | C41: abr/2026 | D41: COPASA | E41: Equipe de topografia de escritório | F41: 0 | G41: mês | H41: 0 | I41: =H41*F41 -> 0 | J41: =(I41*K!$G$24) -> 0 | K41: =J41/$J$53 -> #DIV/0!
A43: 3.4 | B43: ANÁLISE DE ÁGUA | J43: =SUM(J44:J45) -> 0 | K43: =SUM(K44:K45) -> #DIV/0!
A44: a) | B44: 65001114 | C44: abr/2026 | D44: COPASA | E44: Análise fisico-química da água | F44: 0 | G44: unidade | H44: 1 | I44: =H44*F44 -> 0 | J44: =(I44*K!$G$24) -> 0 | K44: =J44/$J$53 -> #DIV/0!
A45: b) | B45: 65001115 | C45: abr/2026 | D45: COPASA | E45: Analise bactereologica da água | F45: 0 | G45: unidade | H45: 1 | I45: =H45*F45 -> 0 | J45: =(I45*K!$G$24) -> 0 | K45: =J45/$J$53 -> #DIV/0!
A46: 4. | B46: DESPESAS DIVERSAS | J46: =J48 -> 0 | K46: =J46/$J$53 -> #DIV/0!
A48: 4.1 | B48: OUTRAS DESPESAS | J48: =SUM(J49:J51) -> 0 | K48: =SUM(K49:K51) -> #DIV/0!
A49: c) | B49: 65001001 | C49: abr/2026 | D49: COPASA | E49: Veículo tipo pick-up | F49: 0 | G49: R$/dia | H49: 0.5 | I49: =H49*F49 -> 0 | J49: =(I49*K!$G$25) -> 0 | K49: =J49/$J$53 -> #DIV/0!
A50: d) | B50: - | C50: mai/2026 | D50: AGEVAP | E50: Refeições | F50: 0 | G50: unidade | H50: 2 | I50: =H50*F50 -> 0 | J50: =(I50*K!$G$25) -> 0 | K50: =J50/$J$53 -> #DIV/0!
A51: e) | B51: - | C51: mai/2026 | D51: AGEVAP | E51: Diárias | F51: 0 | G51: unidade | H51: 2 | I51: =H51*F51 -> 0 | J51: =(I51*K!$G$25) -> 0 | K51: =J51/$J$53 -> #DIV/0!
A53: VALOR TOTAL - Inclusos K's | I53: R$ | J53: =ROUND((J7+J16+J26+J46),2) -> 0 | K53: =K7+K16+K26+K46 -> #DIV/0!
A55: Observações:
A56: 1- | B56: Os K's foram calculados através de fórmulas estabelecidas pelo Acórdão 1787/2011. Os parâmetros utilizados foram estabelecidos pela Nota Técnica Conjunta nº 01/2012/SIP/SAF da Agência Nacional de Águas.
A57: 2- | B57: A remuneração horária é determinada dividindo-se o valor da remuneração mensal pela carga horária efetivamente trabalhada.
A58: 3- | B58: No valor do veículo já estão inclusos os valores de locação, gasolina, manutenção e pedágio.

Sheet P5
D1: ='P4'!D1 -> #REF!
A2: Produto 5: | C2: Projeto Básico | J2: Data: | K2: =Capa!$C$51 -> Preencher a data
A3: Comitê: | C3: =Capa!$B$25 -> CBH-DOCE
A4: Município: | C4: =Capa!$B$30 -> Baixo Guandu/Espírito Santo
A6: Item | B6: Código | C6: Data-Base | D6: Órgão | E6: Descrição | F6: Custo unitário (R$) | H6: Quantitativo | I6: Custo total (R$) | J6: Custo total com K (R$) | K6: Peso (%)
A7: 1 | B7: EQUIPE TÉCNICA | J7: =J9 -> 0 | K7: =J7/$J$53 -> #DIV/0!
A9: 1.1 | B9: PERMANENTE | J9: =SUM(J10:J14) -> 0 | K9: =SUM(K10:K14) -> #DIV/0!
A10: a) | B10: P8061 | C10: abr/2026 | D10: DNIT | E10: Engenheiro Coordenador | F10: 0 | G10: hora | H10: 25.564959 | I10: =H10*F10 -> 0 | J10: =(I10*K!$G$23) -> 0 | K10: =J10/$J$53 -> #DIV/0!
A11: b) | B11: P8065 | C11: abr/2026 | D11: DNIT | E11: Engenheiro de Projetos - Junior | F11: 0 | G11: hora | H11: 51.129919 | I11: =H11*F11 -> 0 | J11: =(I11*K!$G$23) -> 0 | K11: =J11/$J$53 -> #DIV/0!
A12: c) | B12: P8066 | C12: abr/2026 | D12: DNIT | E12: Engenheiro de Projetos - Pleno | G12: hora | H12: 0 | I12: =H12*F12 -> 0 | J12: =(I12*K!$G$23) -> 0 | K12: =J12/$J$53 -> #DIV/0!
A13: c) | B13: P8155 | C13: abr/2026 | D13: DNIT | E13: Técnico cadista | F13: 0 | G13: hora | H13: 127.8248 | I13: =H13*F13 -> 0 | J13: =(I13*K!$G$23) -> 0 | K13: =J13/$J$53 -> #DIV/0!
A14: d) | B14: P8026 | C14: abr/2026 | D14: DNIT | E14: Auxiliar Administrativo | F14: 0 | G14: hora | H14: 127.8248 | I14: =H14*F14 -> 0 | J14: =(I14*K!$G$23) -> 0 | K14: =J14/$J$53 -> #DIV/0!
A16: 2 | B16: CONSULTORES | J16: =J18 -> 0 | K16: =J16/$J$53 -> #DIV/0!
A18: 2.1 | B18: CONSULTORES | J18: =SUM(J19:J24) -> 0 | K18: =SUM(K19:K24) -> #DIV/0!
A19: a) | B19: P8003 | C19: abr/2026 | D19: DNIT | E19: Advogado sênior | F19: 78.64 | G19: hora | H19: 0 | I19: =H19*F19 -> 0 | J19: =(I19*K!$G$23) -> 0 | K19: =J19/$J$53 -> #DIV/0!
A20: b) | B20: P8066 | C20: abr/2026 | D20: DNIT | E20: Engenheiro de Projetos (Elétrico) - Pleno | F20: 100.09 | G20: hora | H20: 0 | I20: =H20*F20 -> 0 | J20: =(I20*K!$G$23) -> 0 | K20: =J20/$J$53 -> #DIV/0!
A21: a) | B21: P8066 | C21: abr/2026 | D21: DNIT | E21: Engenheiro de Projeto (Orçamentista) - Pleno | F21: 0 | G21: hora | H21: 0 | I21: =H21*F21 -> 0 | J21: =(I21*K!$G$23) -> 0 | K21: =J21/$J$53 -> #DIV/0!
A22: d) | B22: P8066 | C22: abr/2026 | D22: DNIT | E22: Engenheiro de Projetos (Mecânico) - Pleno | F22: 100.09 | G22: hora | H22: 0 | I22: =H22*F22 -> 0 | J22: =(I22*K!$G$23) -> 0 | K22: =J22/$J$53 -> #DIV/0!
A23: b) | B23: P8058 | C23: abr/2026 | D23: DNIT | E23: Engenheiro ambiental - Pleno | F23: 0 | G23: hora | H23: 0 | I23: =H23*F23 -> 0 | J23: =(I23*K!$G$23) -> 0 | K23: =J23/$J$53 -> #DIV/0!
A24: f) | B24: P8155 | C24: abr/2026 | D24: DNIT | E24: Técnico em geoprocessamento | F24: 20.62 | G24: hora | H24: 0 | I24: =H24*F24 -> 0 | J24: =(I24*K!$G$23) -> 0 | K24: =J24/$J$53 -> #DIV/0!
A26: 3 | B26: SERVIÇOS DE APOIO TÉCNICO | J26: =J28+J33+J39+J46 -> 0 | K26: =J26/$J$53 -> #DIV/0!
A28: 3.1 | B28: SERVIÇOS DE TOPOGRAFIA | J28: =SUM(J29:J31) -> 0 | K28: =SUM(K29:K31) -> #DIV/0!
A29: a) | B29: 65003710 | C29: abr/2026 | D29: COPASA | E29: Mobilização e desmobilização de equipe de topografia | F29: 0 | G29: km | H29: 0 | I29: =H29*F29 -> 0 | J29: =(I29*K!$G$24) -> 0 | K29: =J29/$J$53 -> #DIV/0!
A30: b) | B30: 65001667 | C30: abr/2026 | D30: COPASA | E30: Equipe de topografia de campo | F30: 0 | G30: mês | H30: 0 | I30: =H30*F30 -> 0 | J30: =(I30*K!$G$24) -> 0 | K30: =J30/$J$53 -> #DIV/0!
A31: c) | B31: 65001668 | C31: abr/2026 | D31: COPASA | E31: Equipe de topografia de escritório | F31: 0 | G31: mês | H31: 0 | I31: =H31*F31 -> 0 | J31: =(I31*K!$G$24) -> 0 | K31: =J31/$J$53 -> #DIV/0!
A33: 3.2 | B33: SERVIÇOS DE SONDAGEM | J33: =SUM(J34:J37) -> 0 | K33: =SUM(K35:K36) -> #DIV/0!
A34: a) | B34: 65001207 | C34: abr/2026 | D34: COPASA | E34: Sondagem a percussao - mobilizacao e desmobilizacao | F34: 0 | G34: unidade | H34: 0 | I34: =H34*F34 -> 0 | J34: =(I34*K!$G$24) -> 0 | K34: =J34/$J$53 -> #DIV/0!
A35: b) | B35: 65001208 | C35: abr/2026 | D35: COPASA | E35: Sondagem a percussao - adicional de mobilizacao e desmobilizacao | F35: 0 | G35: km | H35: 0 | I35: =H35*F35 -> 0 | J35: =(I35*K!$G$24) -> 0 | K35: =J35/$J$53 -> #DIV/0!
A36: c) | B36: 65001209 | C36: abr/2026 | D36: COPASA | E36: Sondagem a percussao - instalacao por furo | F36: 0 | G36: unidade | H36: 0 | I36: =H36*F36 -> 0 | J36: =(I36*K!$G$24) -> 0 | K36: =J36/$J$53 -> #DIV/0!
A37: d) | B37: 65001210 | C37: abr/2026 | D37: COPASA | E37: Sondagem a percussao ø2.1/2" - perfuracao e retirada de amostras | F37: 0 | G37: m | H37: 0 | I37: =H37*F37 -> 0 | J37: =(I37*K!$G$24) -> 0 | K37: =J37/$J$53 -> #DIV/0!
A39: 3.3 | B39: CADASTRO TÉCNICO | J39: =SUM(J40:J41) -> 0 | K39: =SUM(K40:K41) -> #DIV/0!
A40: a) | B40: 65001667 | C40: abr/2026 | D40: COPASA | E40: Equipe de topografia de campo | F40: 0 | G40: mês | H40: 0 | I40: =H40*F40 -> 0 | J40: =(I40*K!$G$24) -> 0 | K40: =J40/$J$53 -> #DIV/0!
A41: b) | B41: 65001668 | C41: abr/2026 | D41: COPASA | E41: Equipe de topografia de escritório | F41: 0 | G41: mês | H41: 0 | I41: =H41*F41 -> 0 | J41: =(I41*K!$G$24) -> 0 | K41: =J41/$J$53 -> #DIV/0!
A43: 3.4 | B43: ANÁLISE DE ÁGUA | J43: =SUM(J44:J45) -> 0 | K43: =SUM(K44:K45) -> #DIV/0!
A44: a) | B44: 65001114 | C44: abr/2026 | D44: COPASA | E44: Análise fisico-química da água | F44: 0 | G44: unidade | H44: 0 | I44: =H44*F44 -> 0 | J44: =(I44*K!$G$24) -> 0 | K44: =J44/$J$53 -> #DIV/0!
A45: b) | B45: 65001115 | C45: abr/2026 | D45: COPASA | E45: Analise bactereologica da água | F45: 0 | G45: unidade | H45: 0 | I45: =H45*F45 -> 0 | J45: =(I45*K!$G$24) -> 0 | K45: =J45/$J$53 -> #DIV/0!
A46: 4. | B46: DESPESAS DIVERSAS | J46: =J48 -> 0 | K46: =J46/$J$53 -> #DIV/0!
A48: 4.1 | B48: OUTRAS DESPESAS | J48: =SUM(J49:J51) -> 0 | K48: =SUM(K49:K51) -> #DIV/0!
A49: a) | B49: 65001001 | C49: abr/2026 | D49: COPASA | E49: Veículo tipo pick-up | F49: 0 | G49: R$/dia | H49: 0 | I49: =H49*F49 -> 0 | J49: =(I49*K!$G$25) -> 0 | K49: =J49/$J$53 -> #DIV/0!
A50: b) | B50: - | C50: mai/2026 | D50: AGEVAP | E50: Refeições | F50: 0 | G50: unidade | H50: 0 | I50: =H50*F50 -> 0 | J50: =(I50*K!$G$25) -> 0 | K50: =J50/$J$53 -> #DIV/0!
A51: c) | B51: - | C51: mai/2026 | D51: AGEVAP | E51: Diárias | F51: 0 | G51: unidade | H51: 0 | I51: =H51*F51 -> 0 | J51: =(I51*K!$G$25) -> 0 | K51: =J51/$J$53 -> #DIV/0!
A53: VALOR TOTAL - Inclusos K's | I53: R$ | J53: =ROUND((J7+J16+J26+J46),2) -> 0 | K53: =K7+K16+K26+K46 -> #DIV/0!
A55: Observações:
A56: 1- | B56: Os K's foram calculados através de fórmulas estabelecidas pelo Acórdão 1787/2011. Os parâmetros utilizados foram estabelecidos pela Nota Técnica Conjunta nº 01/2012/SIP/SAF da Agência Nacional de Águas.
A57: 2- | B57: A remuneração horária é determinada dividindo-se o valor da remuneração mensal pela carga horária efetivamente trabalhada.
A58: 3- | B58: No valor do veículo já estão inclusos os valores de locação, gasolina, manutenção e pedágio.

Sheet P6
D1: =K!A1 -> ORÇAMENTO PARA ELABORAÇÃO DE PROJETOS DE SISTEMA DE TRATAMENTO DE ESGOTO SANITÁRIO DE PEQUENO PORTE
A2: Produto 6: | C2: Estudos Geotécnicos | J2: Data: | K2: =Capa!$C$51 -> Preencher a data
A3: Comitê: | C3: =Capa!$B$25 -> CBH-DOCE
A4: Município: | C4: =Capa!$B$30 -> Baixo Guandu/Espírito Santo
A6: Item | B6: Código | C6: Data-Base | D6: Órgão | E6: Descrição | F6: Custo unitário (R$) | H6: Quantitativo | I6: Custo total (R$) | J6: Custo total com K (R$) | K6: Peso (%)
A7: 1 | B7: EQUIPE TÉCNICA | J7: =J9 -> 0 | K7: =J7/$J$53 -> #DIV/0!
A9: 1.1 | B9: PERMANENTE | J9: =SUM(J10:J14) -> 0 | K9: =SUM(K10:K14) -> #DIV/0!
A10: a) | B10: P8061 | C10: abr/2026 | D10: DNIT | E10: Engenheiro Coordenador | F10: 0 | G10: hora | H10: 3.1956199 | I10: =F10*H10 -> 0 | J10: =(I10*K!$G$23) -> 0 | K10: =J10/$J$53 -> #DIV/0!
A11: b) | B11: P8065 | C11: abr/2026 | D11: DNIT | E11: Engenheiro de Projetos - Junior | F11: 0 | G11: hora | H11: 3.1956199 | I11: =F11*H11 -> 0 | J11: =(I11*K!$G$23) -> 0 | K11: =J11/$J$53 -> #DIV/0!
A12: c) | B12: P8066 | C12: abr/2026 | D12: DNIT | E12: Engenheiro de Projetos - Pleno | G12: hora | H12: 0 | I12: =F12*H12 -> 0 | J12: =(I12*K!$G$23) -> 0 | K12: =J12/$J$53 -> #DIV/0!
A13: c) | B13: P8155 | C13: abr/2026 | D13: DNIT | E13: Técnico cadista | F13: 0 | G13: hora | H13: 0 | I13: =F13*H13 -> 0 | J13: =(I13*K!$G$23) -> 0 | K13: =J13/$J$53 -> #DIV/0!
A14: d) | B14: P8026 | C14: abr/2026 | D14: DNIT | E14: Auxiliar Administrativo | F14: 0 | G14: hora | H14: 31.956199 | I14: =F14*H14 -> 0 | J14: =(I14*K!$G$23) -> 0 | K14: =J14/$J$53 -> #DIV/0!
A16: 2 | B16: CONSULTORES | J16: =J18 -> 0 | K16: =J16/$J$53 -> #DIV/0!
A18: 2.1 | B18: CONSULTORES | J18: =SUM(J19:J24) -> 0 | K18: =SUM(K19:K24) -> #DIV/0!
A19: a) | B19: P8003 | C19: abr/2026 | D19: DNIT | E19: Advogado sênior | F19: 78.64 | G19: hora | H19: 0 | I19: =F19*H19 -> 0 | J19: =(I19*K!$G$23) -> 0 | K19: =J19/$J$53 -> #DIV/0!
A20: b) | B20: P8066 | C20: abr/2026 | D20: DNIT | E20: Engenheiro de Projetos (Elétrico) - Pleno | F20: 100.09 | G20: hora | H20: 0 | I20: =F20*H20 -> 0 | J20: =(I20*K!$G$23) -> 0 | K20: =J20/$J$53 -> #DIV/0!
A21: a) | B21: P8066 | C21: abr/2026 | D21: DNIT | E21: Engenheiro de Projeto (Orçamentista) - Pleno | F21: 0 | G21: hora | H21: 0 | I21: =F21*H21 -> 0 | J21: =(I21*K!$G$23) -> 0 | K21: =J21/$J$53 -> #DIV/0!
A22: d) | B22: P8066 | C22: abr/2026 | D22: DNIT | E22: Engenheiro de Projetos (Mecânico) - Pleno | F22: 100.09 | G22: hora | H22: 0 | I22: =F22*H22 -> 0 | J22: =(I22*K!$G$23) -> 0 | K22: =J22/$J$53 -> #DIV/0!
A23: b) | B23: P8058 | C23: abr/2026 | D23: DNIT | E23: Engenheiro ambiental - Pleno | F23: 0 | G23: hora | H23: 0 | I23: =F23*H23 -> 0 | J23: =(I23*K!$G$23) -> 0 | K23: =J23/$J$53 -> #DIV/0!
A24: f) | B24: P8155 | C24: abr/2026 | D24: DNIT | E24: Técnico em geoprocessamento | F24: 20.62 | G24: hora | H24: 0 | I24: =F24*H24 -> 0 | J24: =(I24*K!$G$23) -> 0 | K24: =J24/$J$53 -> #DIV/0!
A26: 3 | B26: SERVIÇOS DE APOIO TÉCNICO | J26: =J28+J33+J39+J43 -> 0 | K26: =J26/$J$53 -> #DIV/0!
A28: 3.1 | B28: SERVIÇOS DE TOPOGRAFIA | J28: =SUM(J29:J31) -> 0 | K28: =SUM(K29:K31) -> #DIV/0!
A29: a) | B29: 65003710 | C29: abr/2026 | D29: COPASA | E29: Mobilização e desmobilização de equipe de topografia | F29: 0 | G29: km | H29: 0 | I29: =F29*H29 -> 0 | J29: =(I29*K!$G$24) -> 0 | K29: =J29/$J$53 -> #DIV/0!
A30: b) | B30: 65001667 | C30: abr/2026 | D30: COPASA | E30: Equipe de topografia de campo | F30: 0 | G30: mês | H30: 0 | I30: =F30*H30 -> 0 | J30: =(I30*K!$G$24) -> 0 | K30: =J30/$J$53 -> #DIV/0!
A31: c) | B31: 65001668 | C31: abr/2026 | D31: COPASA | E31: Equipe de topografia de escritório | F31: 0 | G31: mês | H31: 0 | I31: =F31*H31 -> 0 | J31: =(I31*K!$G$24) -> 0 | K31: =J31/$J$53 -> #DIV/0!
A33: 3.2 | B33: SERVIÇOS DE SONDAGEM | J33: =SUM(J34:J37) -> 0 | K33: =SUM(K35:K36) -> #DIV/0!
A34: a) | B34: 65001207 | C34: abr/2026 | D34: COPASA | E34: Sondagem a percussao - mobilizacao e desmobilizacao | F34: 0 | G34: unidade | H34: 1 | I34: =F34*H34 -> 0 | J34: =(I34*K!$G$24) -> 0 | K34: =J34/$J$53 -> #DIV/0!
A35: b) | B35: 65001208 | C35: abr/2026 | D35: COPASA | E35: Sondagem a percussao - adicional de mobilizacao e desmobilizacao | F35: 0 | G35: km | H35: 516 | I35: =F35*H35 -> 0 | J35: =(I35*K!$G$24) -> 0 | K35: =J35/$J$53 -> #DIV/0!
A36: c) | B36: 65001209 | C36: abr/2026 | D36: COPASA | E36: Sondagem a percussao - instalacao por furo | F36: 0 | G36: unidade | H36: 3 | I36: =F36*H36 -> 0 | J36: =(I36*K!$G$24) -> 0 | K36: =J36/$J$53 -> #DIV/0!
A37: d) | B37: 65001210 | C37: abr/2026 | D37: COPASA | E37: Sondagem a percussao ø2.1/2" - perfuracao e retirada de amostras | F37: 0 | G37: m | H37: 30 | I37: =F37*H37 -> 0 | J37: =(I37*K!$G$24) -> 0 | K37: =J37/$J$53 -> #DIV/0!
A39: 3.3 | B39: CADASTRO TÉCNICO | J39: =SUM(J40:J41) -> 0 | K39: =SUM(K40:K41) -> #DIV/0!
A40: a) | B40: 65001667 | C40: abr/2026 | D40: COPASA | E40: Equipe de topografia de campo | F40: 0 | G40: mês | H40: 0 | I40: =F40*H40 -> 0 | J40: =(I40*K!$G$24) -> 0 | K40: =J40/$J$53 -> #DIV/0!
A41: b) | B41: 65001668 | C41: abr/2026 | D41: COPASA | E41: Equipe de topografia de escritório | F41: 0 | G41: mês | H41: 0 | I41: =F41*H41 -> 0 | J41: =(I41*K!$G$24) -> 0 | K41: =J41/$J$53 -> #DIV/0!
A43: 3.4 | B43: ANÁLISE DE ÁGUA | J43: =SUM(J44:J45) -> 0 | K43: =SUM(K44:K45) -> #DIV/0!
A44: a) | B44: 65001114 | C44: abr/2026 | D44: COPASA | E44: Análise fisico-química da água | F44: 0 | G44: unidade | H44: 0 | I44: =H44*F44 -> 0 | J44: =(I44*K!$G$24) -> 0 | K44: =J44/$J$53 -> #DIV/0!
A45: b) | B45: 65001115 | C45: abr/2026 | D45: COPASA | E45: Analise bactereologica da água | F45: 0 | G45: unidade | H45: 0 | I45: =H45*F45 -> 0 | J45: =(I45*K!$G$24) -> 0 | K45: =J45/$J$53 -> #DIV/0!
A46: 4. | B46: DESPESAS DIVERSAS | J46: =J48 -> 0 | K46: =J46/$J$53 -> #DIV/0!
A48: 4.1 | B48: OUTRAS DESPESAS | J48: =SUM(J49:J51) -> 0 | K48: =SUM(K49:K51) -> #DIV/0!
A49: a) | B49: 65001001 | C49: abr/2026 | D49: COPASA | E49: Veículo tipo pick-up | F49: 0 | G49: R$/dia | H49: 0 | I49: =F49*H49 -> 0 | J49: =(I49*K!$G$24) -> 0 | K49: =J49/$J$53 -> #DIV/0!
A50: b) | B50: - | C50: mai/2026 | D50: AGEVAP | E50: Refeições | F50: 0 | G50: unidade | H50: 0 | I50: =F50*H50 -> 0 | J50: =(I50*K!$G$24) -> 0 | K50: =J50/$J$53 -> #DIV/0!
A51: c) | B51: - | C51: mai/2026 | D51: AGEVAP | E51: Diárias | F51: 0 | G51: unidade | H51: 0 | I51: =F51*H51 -> 0 | J51: =(I51*K!$G$24) -> 0 | K51: =J51/$J$53 -> #DIV/0!
A53: VALOR TOTAL - Inclusos K's | I53: R$ | J53: =ROUND((J7+J16+J26+J46),2) -> 0 | K53: =K7+K16+K26+K46 -> #DIV/0!
A55: Observações:
A56: 1- | B56: Os K's foram calculados através de fórmulas estabelecidas pelo Acórdão 1787/2011. Os parâmetros utilizados foram estabelecidos pela Nota Técnica Conjunta nº 01/2012/SIP/SAF da Agência Nacional de Águas.
A57: 2- | B57: A remuneração horária é determinada dividindo-se o valor da remuneração mensal pela carga horária efetivamente trabalhada.
A58: 3- | B58: No valor do veículo já estão inclusos os valores de locação, gasolina, manutenção e pedágio.

Sheet P7a
D1: =K!A1 -> ORÇAMENTO PARA ELABORAÇÃO DE PROJETOS DE SISTEMA DE TRATAMENTO DE ESGOTO SANITÁRIO DE PEQUENO PORTE
A2: Produto 7a: | C2: Estudos Ambientais Preliminares | J2: Data: | K2: =Capa!$C$51 -> Preencher a data
A3: Comitê: | C3: =Capa!$B$25 -> CBH-DOCE
A4: Município: | C4: =Capa!$B$30 -> Baixo Guandu/Espírito Santo
A6: Item | B6: Código | C6: Data-Base | D6: Órgão | E6: Descrição | F6: Custo unitário (R$) | H6: Quantitativo | I6: Custo total (R$) | J6: Custo total com K (R$) | K6: Peso (%)
A7: 1 | B7: EQUIPE TÉCNICA | J7: =J9 -> 0 | K7: =J7/$J$53 -> #DIV/0!
A9: 1.1 | B9: PERMANENTE | J9: =SUM(J10:J14) -> 0 | K9: =SUM(K10:K14) -> #DIV/0!
A10: a) | B10: P8061 | C10: abr/2026 | D10: DNIT | E10: Engenheiro Coordenador | F10: 0 | G10: hora | H10: 1.59781 | I10: =H10*F10 -> 0 | J10: =(I10*K!$G$23) -> 0 | K10: =J10/$J$53 -> #DIV/0!
A11: b) | B11: P8065 | C11: abr/2026 | D11: DNIT | E11: Engenheiro de Projetos - Junior | F11: 0 | G11: hora | H11: 0 | I11: =H11*F11 -> 0 | J11: =(I11*K!$G$23) -> 0 | K11: =J11/$J$53 -> #DIV/0!
A12: c) | B12: P8066 | C12: abr/2026 | D12: DNIT | E12: Engenheiro de Projetos - Pleno | G12: hora | H12: 0 | I12: =H12*F12 -> 0 | J12: =(I12*K!$G$23) -> 0 | K12: =J12/$J$53 -> #DIV/0!
A13: c) | B13: P8155 | C13: abr/2026 | D13: DNIT | E13: Técnico cadista | F13: 0 | G13: hora | H13: 0 | I13: =H13*F13 -> 0 | J13: =(I13*K!$G$23) -> 0 | K13: =J13/$J$53 -> #DIV/0!
A14: d) | B14: P8026 | C14: abr/2026 | D14: DNIT | E14: Auxiliar Administrativo | F14: 0 | G14: hora | H14: 15.9781 | I14: =H14*F14 -> 0 | J14: =(I14*K!$G$23) -> 0 | K14: =J14/$J$53 -> #DIV/0!
A16: 2 | B16: CONSULTORES | J16: =J18 -> 0 | K16: =J16/$J$53 -> #DIV/0!
A18: 2.1 | B18: CONSULTORES | J18: =SUM(J19:J24) -> 0 | K18: =SUM(K19:K24) -> #DIV/0!
A19: a) | B19: P8003 | C19: abr/2026 | D19: DNIT | E19: Advogado sênior | F19: 78.64 | G19: hora | H19: 0 | I19: =H19*F19 -> 0 | J19: =(I19*K!$G$23) -> 0 | K19: =J19/$J$53 -> #DIV/0!
A20: b) | B20: P8066 | C20: abr/2026 | D20: DNIT | E20: Engenheiro de Projetos (Elétrico) - Pleno | F20: 100.09 | G20: hora | H20: 0 | I20: =H20*F20 -> 0 | J20: =(I20*K!$G$23) -> 0 | K20: =J20/$J$53 -> #DIV/0!
A21: a) | B21: P8066 | C21: abr/2026 | D21: DNIT | E21: Engenheiro de Projeto (Orçamentista) - Pleno | F21: 0 | G21: hora | H21: 0 | I21: =H21*F21 -> 0 | J21: =(I21*K!$G$23) -> 0 | K21: =J21/$J$53 -> #DIV/0!
A22: d) | B22: P8066 | C22: abr/2026 | D22: DNIT | E22: Engenheiro de Projetos (Mecânico) - Pleno | F22: 100.09 | G22: hora | H22: 0 | I22: =H22*F22 -> 0 | J22: =(I22*K!$G$23) -> 0 | K22: =J22/$J$53 -> #DIV/0!
A23: b) | B23: P8058 | C23: abr/2026 | D23: DNIT | E23: Engenheiro ambiental - Pleno | F23: 0 | G23: hora | H23: 15.9781 | I23: =H23*F23 -> 0 | J23: =(I23*K!$G$23) -> 0 | K23: =J23/$J$53 -> #DIV/0!
A24: f) | B24: P8155 | C24: abr/2026 | D24: DNIT | E24: Técnico em geoprocessamento | F24: 20.62 | G24: hora | H24: 0 | I24: =H24*F24 -> 0 | J24: =(I24*K!$G$23) -> 0 | K24: =J24/$J$53 -> #DIV/0!
A26: 3 | B26: SERVIÇOS DE APOIO TÉCNICO | J26: =J28+J33+J39+J43 -> 0 | K26: =J26/$J$53 -> #DIV/0!
A28: 3.1 | B28: SERVIÇOS DE TOPOGRAFIA | J28: =SUM(J29:J31) -> 0 | K28: =SUM(K29:K31) -> #DIV/0!
A29: a) | B29: 65003710 | C29: abr/2026 | D29: COPASA | E29: Mobilização e desmobilização de equipe de topografia | F29: 0 | G29: km | H29: 0 | I29: =H29*F29 -> 0 | J29: =(I29*K!$G$24) -> 0 | K29: =J29/$J$53 -> #DIV/0!
A30: b) | B30: 65001667 | C30: abr/2026 | D30: COPASA | E30: Equipe de topografia de campo | F30: 0 | G30: mês | H30: 0 | I30: =H30*F30 -> 0 | J30: =(I30*K!$G$24) -> 0 | K30: =J30/$J$53 -> #DIV/0!
A31: c) | B31: 65001668 | C31: abr/2026 | D31: COPASA | E31: Equipe de topografia de escritório | F31: 0 | G31: mês | H31: 0 | I31: =H31*F31 -> 0 | J31: =(I31*K!$G$24) -> 0 | K31: =J31/$J$53 -> #DIV/0!
A33: 3.2 | B33: SERVIÇOS DE SONDAGEM | J33: =SUM(J35:J36) -> 0 | K33: =SUM(K35:K36) -> #DIV/0!
A34: a) | B34: 65001207 | C34: abr/2026 | D34: COPASA | E34: Sondagem a percussao - mobilizacao e desmobilizacao | F34: 0 | G34: unidade | H34: 0 | I34: =H34*F34 -> 0 | J34: =(I34*K!$G$24) -> 0 | K34: =J34/$J$53 -> #DIV/0!
A35: b) | B35: 65001208 | C35: abr/2026 | D35: COPASA | E35: Sondagem a percussao - adicional de mobilizacao e desmobilizacao | F35: 0 | G35: km | H35: 0 | I35: =H35*F35 -> 0 | J35: =(I35*K!$G$24) -> 0 | K35: =J35/$J$53 -> #DIV/0!
A36: c) | B36: 65001209 | C36: abr/2026 | D36: COPASA | E36: Sondagem a percussao - instalacao por furo | F36: 0 | G36: unidade | H36: 0 | I36: =H36*F36 -> 0 | J36: =(I36*K!$G$24) -> 0 | K36: =J36/$J$53 -> #DIV/0!
A37: d) | B37: 65001210 | C37: abr/2026 | D37: COPASA | E37: Sondagem a percussao ø2.1/2" - perfuracao e retirada de amostras | F37: 0 | G37: m | H37: 0 | I37: =H37*F37 -> 0 | J37: =(I37*K!$G$24) -> 0 | K37: =J37/$J$53 -> #DIV/0!
A39: 3.3 | B39: CADASTRO TÉCNICO | J39: =SUM(J40:J41) -> 0 | K39: =SUM(K40:K41) -> #DIV/0!
A40: a) | B40: 65001667 | C40: abr/2026 | D40: COPASA | E40: Equipe de topografia de campo | F40: 0 | G40: mês | H40: 0 | I40: =H40*F40 -> 0 | J40: =(I40*K!$G$24) -> 0 | K40: =J40/$J$53 -> #DIV/0!
A41: b) | B41: 65001668 | C41: abr/2026 | D41: COPASA | E41: Equipe de topografia de escritório | F41: 0 | G41: mês | H41: 0 | I41: =H41*F41 -> 0 | J41: =(I41*K!$G$24) -> 0 | K41: =J41/$J$53 -> #DIV/0!
A43: 3.4 | B43: ANÁLISE DE ÁGUA | J43: =SUM(J44:J45) -> 0 | K43: =SUM(K44:K45) -> #DIV/0!
A44: a) | B44: 65001114 | C44: abr/2026 | D44: COPASA | E44: Análise fisico-química da água | F44: 0 | G44: unidade | H44: 0 | I44: =H44*F44 -> 0 | J44: =(I44*K!$G$24) -> 0 | K44: =J44/$J$53 -> #DIV/0!
A45: b) | B45: 65001115 | C45: abr/2026 | D45: COPASA | E45: Analise bactereologica da água | F45: 0 | G45: unidade | H45: 0 | I45: =H45*F45 -> 0 | J45: =(I45*K!$G$24) -> 0 | K45: =J45/$J$53 -> #DIV/0!
A46: 4. | B46: DESPESAS DIVERSAS | J46: =J48 -> 0 | K46: =J46/$J$53 -> #DIV/0!
A48: 4.1 | B48: OUTRAS DESPESAS | J48: =SUM(J49:J51) -> 0 | K48: =SUM(K49:K51) -> #DIV/0!
A49: a) | B49: 65001001 | C49: abr/2026 | D49: COPASA | E49: Veículo tipo pick-up | F49: 0 | G49: R$/dia | H49: 0 | I49: =H49*F49 -> 0 | J49: =(I49*K!$G$25) -> 0 | K49: =J49/$J$53 -> #DIV/0!
A50: b) | B50: - | C50: mai/2026 | D50: AGEVAP | E50: Refeições | F50: 0 | G50: unidade | H50: 0 | I50: =H50*F50 -> 0 | J50: =(I50*K!$G$25) -> 0 | K50: =J50/$J$53 -> #DIV/0!
A51: c) | B51: - | C51: mai/2026 | D51: AGEVAP | E51: Diárias | F51: 0 | G51: unidade | H51: 0 | I51: =H51*F51 -> 0 | J51: =(I51*K!$G$25) -> 0 | K51: =J51/$J$53 -> #DIV/0!
A53: VALOR TOTAL - Inclusos K's | I53: R$ | J53: =ROUND((J7+J16+J26+J46),2) -> 0 | K53: =K7+K16+K26+K46 -> #DIV/0!
A55: Observações:
A56: 1- | B56: Os K's foram calculados através de fórmulas estabelecidas pelo Acórdão 1787/2011. Os parâmetros utilizados foram estabelecidos pela Nota Técnica Conjunta nº 01/2012/SIP/SAF da Agência Nacional de Águas.
A57: 2- | B57: A remuneração horária é determinada dividindo-se o valor da remuneração mensal pela carga horária efetivamente trabalhada.
A58: 3- | B58: No valor do veículo já estão inclusos os valores de locação, gasolina, manutenção e pedágio.

Sheet P7b
D1: =P7a!D1 -> ORÇAMENTO PARA ELABORAÇÃO DE PROJETOS DE SISTEMA DE TRATAMENTO DE ESGOTO SANITÁRIO DE PEQUENO PORTE
A2: Produto 7: | C2: Estudos Ambientais Consolidados | J2: Data: | K2: =Capa!$C$51 -> Preencher a data
A3: Comitê: | C3: =Capa!$B$25 -> CBH-DOCE
A4: Município: | C4: =Capa!$B$30 -> Baixo Guandu/Espírito Santo
A6: Item | B6: Código | C6: Data-Base | D6: Órgão | E6: Descrição | F6: Custo unitário (R$) | H6: Quantitativo | I6: Custo total (R$) | J6: Custo total com K (R$) | K6: Peso (%)
A7: 1 | B7: EQUIPE TÉCNICA | J7: =J9 -> 0 | K7: =J7/$J$53 -> #DIV/0!
A9: 1.1 | B9: PERMANENTE | J9: =SUM(J10:J14) -> 0 | K9: =SUM(K10:K14) -> #DIV/0!
A10: a) | B10: P8061 | C10: abr/2026 | D10: DNIT | E10: Engenheiro Coordenador | F10: 0 | G10: hora | H10: 3.1956199 | I10: =H10*F10 -> 0 | J10: =(I10*K!$G$23) -> 0 | K10: =J10/$J$53 -> #DIV/0!
A11: b) | B11: P8065 | C11: abr/2026 | D11: DNIT | E11: Engenheiro de Projetos - Junior | F11: 0 | G11: hora | H11: 0 | I11: =H11*F11 -> 0 | J11: =(I11*K!$G$23) -> 0 | K11: =J11/$J$53 -> #DIV/0!
A12: c) | B12: P8066 | C12: abr/2026 | D12: DNIT | E12: Engenheiro de Projetos - Pleno | G12: hora | H12: 0 | I12: =H12*F12 -> 0 | J12: =(I12*K!$G$23) -> 0 | K12: =J12/$J$53 -> #DIV/0!
A13: c) | B13: P8155 | C13: abr/2026 | D13: DNIT | E13: Técnico cadista | F13: 0 | G13: hora | H13: 0 | I13: =H13*F13 -> 0 | J13: =(I13*K!$G$23) -> 0 | K13: =J13/$J$53 -> #DIV/0!
A14: d) | B14: P8026 | C14: abr/2026 | D14: DNIT | E14: Auxiliar Administrativo | F14: 0 | G14: hora | H14: 31.956199 | I14: =H14*F14 -> 0 | J14: =(I14*K!$G$23) -> 0 | K14: =J14/$J$53 -> #DIV/0!
A16: 2 | B16: CONSULTORES | J16: =J18 -> 0 | K16: =J16/$J$53 -> #DIV/0!
A18: 2.1 | B18: CONSULTORES | J18: =SUM(J19:J24) -> 0 | K18: =SUM(K19:K24) -> #DIV/0!
A19: a) | B19: P8003 | C19: abr/2026 | D19: DNIT | E19: Advogado sênior | F19: 78.64 | G19: hora | H19: 0 | I19: =H19*F19 -> 0 | J19: =(I19*K!$G$23) -> 0 | K19: =J19/$J$53 -> #DIV/0!
A20: b) | B20: P8066 | C20: abr/2026 | D20: DNIT | E20: Engenheiro de Projetos (Elétrico) - Pleno | F20: 100.09 | G20: hora | H20: 0 | I20: =H20*F20 -> 0 | J20: =(I20*K!$G$23) -> 0 | K20: =J20/$J$53 -> #DIV/0!
A21: a) | B21: P8066 | C21: abr/2026 | D21: DNIT | E21: Engenheiro de Projeto (Orçamentista) - Pleno | F21: 0 | G21: hora | H21: 0 | I21: =H21*F21 -> 0 | J21: =(I21*K!$G$23) -> 0 | K21: =J21/$J$53 -> #DIV/0!
A22: d) | B22: P8066 | C22: abr/2026 | D22: DNIT | E22: Engenheiro de Projetos (Mecânico) - Pleno | F22: 100.09 | G22: hora | H22: 0 | I22: =H22*F22 -> 0 | J22: =(I22*K!$G$23) -> 0 | K22: =J22/$J$53 -> #DIV/0!
A23: b) | B23: P8058 | C23: abr/2026 | D23: DNIT | E23: Engenheiro ambiental - Pleno | F23: 0 | G23: hora | H23: 31.956199 | I23: =H23*F23 -> 0 | J23: =(I23*K!$G$23) -> 0 | K23: =J23/$J$53 -> #DIV/0!
A24: f) | B24: P8155 | C24: abr/2026 | D24: DNIT | E24: Técnico em geoprocessamento | F24: 20.62 | G24: hora | H24: 0 | I24: =H24*F24 -> 0 | J24: =(I24*K!$G$23) -> 0 | K24: =J24/$J$53 -> #DIV/0!
A26: 3 | B26: SERVIÇOS DE APOIO TÉCNICO | J26: =J28+J33+J39+J43 -> 0 | K26: =J26/$J$53 -> #DIV/0!
A28: 3.1 | B28: SERVIÇOS DE TOPOGRAFIA | J28: =SUM(J29:J31) -> 0 | K28: =SUM(K29:K31) -> #DIV/0!
A29: a) | B29: 65003710 | C29: abr/2026 | D29: COPASA | E29: Mobilização e desmobilização de equipe de topografia | F29: 0 | G29: km | H29: 0 | I29: =H29*F29 -> 0 | J29: =(I29*K!$G$24) -> 0 | K29: =J29/$J$53 -> #DIV/0!
A30: b) | B30: 65001667 | C30: abr/2026 | D30: COPASA | E30: Equipe de topografia de campo | F30: 0 | G30: mês | H30: 0 | I30: =H30*F30 -> 0 | J30: =(I30*K!$G$24) -> 0 | K30: =J30/$J$53 -> #DIV/0!
A31: c) | B31: 65001668 | C31: abr/2026 | D31: COPASA | E31: Equipe de topografia de escritório | F31: 0 | G31: mês | H31: 0 | I31: =H31*F31 -> 0 | J31: =(I31*K!$G$24) -> 0 | K31: =J31/$J$53 -> #DIV/0!
A33: 3.2 | B33: SERVIÇOS DE SONDAGEM | J33: =SUM(J35:J36) -> 0 | K33: =SUM(K35:K36) -> #DIV/0!
A34: a) | B34: 65001207 | C34: abr/2026 | D34: COPASA | E34: Sondagem a percussao - mobilizacao e desmobilizacao | F34: 0 | G34: unidade | H34: 0 | I34: =H34*F34 -> 0 | J34: =(I34*K!$G$24) -> 0 | K34: =J34/$J$53 -> #DIV/0!
A35: b) | B35: 65001208 | C35: abr/2026 | D35: COPASA | E35: Sondagem a percussao - adicional de mobilizacao e desmobilizacao | F35: 0 | G35: km | H35: 0 | I35: =H35*F35 -> 0 | J35: =(I35*K!$G$24) -> 0 | K35: =J35/$J$53 -> #DIV/0!
A36: c) | B36: 65001209 | C36: abr/2026 | D36: COPASA | E36: Sondagem a percussao - instalacao por furo | F36: 0 | G36: unidade | H36: 0 | I36: =H36*F36 -> 0 | J36: =(I36*K!$G$24) -> 0 | K36: =J36/$J$53 -> #DIV/0!
A37: d) | B37: 65001210 | C37: abr/2026 | D37: COPASA | E37: Sondagem a percussao ø2.1/2" - perfuracao e retirada de amostras | F37: 0 | G37: m | H37: 0 | I37: =H37*F37 -> 0 | J37: =(I37*K!$G$24) -> 0 | K37: =J37/$J$53 -> #DIV/0!
A39: 3.3 | B39: CADASTRO TÉCNICO | J39: =SUM(J40:J41) -> 0 | K39: =SUM(K40:K41) -> #DIV/0!
A40: a) | B40: 65001667 | C40: abr/2026 | D40: COPASA | E40: Equipe de topografia de campo | F40: 0 | G40: mês | H40: 0 | I40: =H40*F40 -> 0 | J40: =(I40*K!$G$24) -> 0 | K40: =J40/$J$53 -> #DIV/0!
A41: b) | B41: 65001668 | C41: abr/2026 | D41: COPASA | E41: Equipe de topografia de escritório | F41: 0 | G41: mês | H41: 0 | I41: =H41*F41 -> 0 | J41: =(I41*K!$G$24) -> 0 | K41: =J41/$J$53 -> #DIV/0!
A43: 3.4 | B43: ANÁLISE DE ÁGUA | J43: =SUM(J44:J45) -> 0 | K43: =SUM(K44:K45) -> #DIV/0!
A44: a) | B44: 65001114 | C44: abr/2026 | D44: COPASA | E44: Análise fisico-química da água | F44: 0 | G44: unidade | H44: 0 | I44: =H44*F44 -> 0 | J44: =(I44*K!$G$24) -> 0 | K44: =J44/$J$53 -> #DIV/0!
A45: b) | B45: 65001115 | C45: abr/2026 | D45: COPASA | E45: Analise bactereologica da água | F45: 0 | G45: unidade | H45: 0 | I45: =H45*F45 -> 0 | J45: =(I45*K!$G$24) -> 0 | K45: =J45/$J$53 -> #DIV/0!
A46: 4. | B46: DESPESAS DIVERSAS | J46: =J48 -> 0 | K46: =J46/$J$53 -> #DIV/0!
A48: 4.1 | B48: OUTRAS DESPESAS | J48: =SUM(J49:J51) -> 0 | K48: =SUM(K49:K51) -> #DIV/0!
A49: a) | B49: 65001001 | C49: abr/2026 | D49: COPASA | E49: Veículo tipo pick-up | F49: 0 | G49: R$/dia | H49: 0 | I49: =H49*F49 -> 0 | J49: =ROUND((I49*K!$G$25),2) -> 0 | K49: =J49/$J$53 -> #DIV/0!
A50: b) | B50: - | C50: mai/2026 | D50: AGEVAP | E50: Refeições | F50: 0 | G50: unidade | H50: 0 | I50: =H50*F50 -> 0 | J50: =ROUND((I50*K!$G$25),2) -> 0 | K50: =J50/$J$53 -> #DIV/0!
A51: c) | B51: - | C51: mai/2026 | D51: AGEVAP | E51: Diárias | F51: 0 | G51: unidade | H51: 0 | I51: =H51*F51 -> 0 | J51: =ROUND((I51*K!$G$25),2) -> 0 | K51: =J51/$J$53 -> #DIV/0!
A53: VALOR TOTAL - Inclusos K's | I53: R$ | J53: =ROUND((J7+J16+J26+J46),2) -> 0 | K53: =K7+K16+K26+K46 -> #DIV/0!
A55: Observações:
A56: 1- | B56: Os K's foram calculados através de fórmulas estabelecidas pelo Acórdão 1787/2011. Os parâmetros utilizados foram estabelecidos pela Nota Técnica Conjunta nº 01/2012/SIP/SAF da Agência Nacional de Águas.
A57: 2- | B57: A remuneração horária é determinada dividindo-se o valor da remuneração mensal pela carga horária efetivamente trabalhada.
A58: 3- | B58: No valor do veículo já estão inclusos os valores de locação, gasolina, manutenção e pedágio.

Sheet P8
D1: =P7b!D1 -> ORÇAMENTO PARA ELABORAÇÃO DE PROJETOS DE SISTEMA DE TRATAMENTO DE ESGOTO SANITÁRIO DE PEQUENO PORTE
A2: Produto 8: | C2: Projeto Executivo | J2: Data: | K2: =Capa!$C$51 -> Preencher a data
A3: Comitê: | C3: =Capa!$B$25 -> CBH-DOCE
A4: Município: | C4: =Capa!$B$30 -> Baixo Guandu/Espírito Santo
A6: Item | B6: Código | C6: Data-Base | D6: Órgão | E6: Descrição | F6: Custo unitário (R$) | H6: Quantitativo | I6: Custo total (R$) | J6: Custo total com K (R$) | K6: Peso (%)
A7: 1 | B7: EQUIPE TÉCNICA | J7: =J9 -> 0 | K7: =J7/$J$53 -> #DIV/0!
A9: 1.1 | B9: PERMANENTE | J9: =SUM(J10:J14) -> 0 | K9: =SUM(K10:K14) -> #DIV/0!
A10: a) | B10: P8061 | C10: abr/2026 | D10: DNIT | E10: Engenheiro Coordenador | F10: 0 | G10: hora | H10: 9.5868598 | I10: =H10*F10 -> 0 | J10: =(I10*K!$G$23) -> 0 | K10: =J10/$J$53 -> #DIV/0!
A11: b) | B11: P8065 | C11: abr/2026 | D11: DNIT | E11: Engenheiro de Projetos - Junior | F11: 0 | G11: hora | H11: 9.5868598 | I11: =H11*F11 -> 0 | J11: =(I11*K!$G$23) -> 0 | K11: =J11/$J$53 -> #DIV/0!
A12: c) | B12: P8066 | C12: abr/2026 | D12: DNIT | E12: Engenheiro de Projetos - Pleno | G12: hora | H12: 0 | I12: =H12*F12 -> 0 | J12: =(I12*K!$G$23) -> 0 | K12: =J12/$J$53 -> #DIV/0!
A13: c) | B13: P8155 | C13: abr/2026 | D13: DNIT | E13: Técnico cadista | F13: 0 | G13: hora | H13: 95.868598 | I13: =H13*F13 -> 0 | J13: =(I13*K!$G$23) -> 0 | K13: =J13/$J$53 -> #DIV/0!
A14: d) | B14: P8026 | C14: abr/2026 | D14: DNIT | E14: Auxiliar Administrativo | F14: 0 | G14: hora | H14: 95.868598 | I14: =H14*F14 -> 0 | J14: =(I14*K!$G$23) -> 0 | K14: =J14/$J$53 -> #DIV/0!
A16: 2 | B16: CONSULTORES | J16: =J18 -> 0 | K16: =J16/$J$53 -> #DIV/0!
A18: 2.1 | B18: CONSULTORES | J18: =SUM(J19:J24) -> 0 | K18: =SUM(K19:K24) -> #DIV/0!
A19: a) | B19: P8003 | C19: abr/2026 | D19: DNIT | E19: Advogado sênior | F19: 78.64 | G19: hora | H19: 0 | I19: =H19*F19 -> 0 | J19: =(I19*K!$G$23) -> 0 | K19: =J19/$J$53 -> #DIV/0!
A20: b) | B20: P8066 | C20: abr/2026 | D20: DNIT | E20: Engenheiro de Projetos (Elétrico) - Pleno | F20: 100.09 | G20: hora | H20: 0 | I20: =H20*F20 -> 0 | J20: =(I20*K!$G$23) -> 0 | K20: =J20/$J$53 -> #DIV/0!
A21: a) | B21: P8066 | C21: abr/2026 | D21: DNIT | E21: Engenheiro de Projeto (Orçamentista) - Pleno | F21: 0 | G21: hora | H21: 43.140869 | I21: =H21*F21 -> 0 | J21: =(I21*K!$G$23) -> 0 | K21: =J21/$J$53 -> #DIV/0!
A22: d) | B22: P8066 | C22: abr/2026 | D22: DNIT | E22: Engenheiro de Projetos (Mecânico) - Pleno | F22: 100.09 | G22: hora | H22: 0 | I22: =H22*F22 -> 0 | J22: =(I22*K!$G$23) -> 0 | K22: =J22/$J$53 -> #DIV/0!
A23: b) | B23: P8058 | C23: abr/2026 | D23: DNIT | E23: Engenheiro ambiental - Pleno | F23: 0 | G23: hora | H23: 0 | I23: =H23*F23 -> 0 | J23: =(I23*K!$G$23) -> 0 | K23: =J23/$J$53 -> #DIV/0!
A24: f) | B24: P8155 | C24: abr/2026 | D24: DNIT | E24: Técnico em geoprocessamento | F24: 20.62 | G24: hora | H24: 0 | I24: =H24*F24 -> 0 | J24: =(I24*K!$G$23) -> 0 | K24: =J24/$J$53 -> #DIV/0!
A26: 3 | B26: SERVIÇOS DE APOIO TÉCNICO | J26: =J28+J33+J39+J43 -> 0 | K26: =J26/$J$53 -> #DIV/0!
A28: 3.1 | B28: SERVIÇOS DE TOPOGRAFIA | J28: =SUM(J29:J31) -> 0 | K28: =SUM(K29:K31) -> #DIV/0!
A29: a) | B29: 65003710 | C29: abr/2026 | D29: COPASA | E29: Mobilização e desmobilização de equipe de topografia | F29: 0 | G29: km | H29: 0 | I29: =H29*F29 -> 0 | J29: =(I29*K!$G$24) -> 0 | K29: =J29/$J$53 -> #DIV/0!
A30: b) | B30: 65001667 | C30: abr/2026 | D30: COPASA | E30: Equipe de topografia de campo | F30: 0 | G30: mês | H30: 0 | I30: =H30*F30 -> 0 | J30: =(I30*K!$G$24) -> 0 | K30: =J30/$J$53 -> #DIV/0!
A31: c) | B31: 65001668 | C31: abr/2026 | D31: COPASA | E31: Equipe de topografia de escritório | F31: 0 | G31: mês | H31: 0 | I31: =H31*F31 -> 0 | J31: =(I31*K!$G$24) -> 0 | K31: =J31/$J$53 -> #DIV/0!
A33: 3.2 | B33: SERVIÇOS DE SONDAGEM | J33: =SUM(J35:J36) -> 0 | K33: =SUM(K35:K36) -> #DIV/0!
A34: a) | B34: 65001207 | C34: abr/2026 | D34: COPASA | E34: Sondagem a percussao - mobilizacao e desmobilizacao | F34: 0 | G34: unidade | H34: 0 | I34: =H34*F34 -> 0 | J34: =(I34*K!$G$24) -> 0 | K34: =J34/$J$53 -> #DIV/0!
A35: b) | B35: 65001208 | C35: abr/2026 | D35: COPASA | E35: Sondagem a percussao - adicional de mobilizacao e desmobilizacao | F35: 0 | G35: km | H35: 0 | I35: =H35*F35 -> 0 | J35: =(I35*K!$G$24) -> 0 | K35: =J35/$J$53 -> #DIV/0!
A36: c) | B36: 65001209 | C36: abr/2026 | D36: COPASA | E36: Sondagem a percussao - instalacao por furo | F36: 0 | G36: unidade | H36: 0 | I36: =H36*F36 -> 0 | J36: =(I36*K!$G$24) -> 0 | K36: =J36/$J$53 -> #DIV/0!
A37: d) | B37: 65001210 | C37: abr/2026 | D37: COPASA | E37: Sondagem a percussao ø2.1/2" - perfuracao e retirada de amostras | F37: 0 | G37: m | H37: 0 | I37: =H37*F37 -> 0 | J37: =(I37*K!$G$24) -> 0 | K37: =J37/$J$53 -> #DIV/0!
A39: 3.3 | B39: CADASTRO TÉCNICO | J39: =SUM(J40:J41) -> 0 | K39: =SUM(K40:K41) -> #DIV/0!
A40: a) | B40: 65001667 | C40: abr/2026 | D40: COPASA | E40: Equipe de topografia de campo | F40: 0 | G40: mês | H40: 0 | I40: =H40*F40 -> 0 | J40: =(I40*K!$G$24) -> 0 | K40: =J40/$J$53 -> #DIV/0!
A41: b) | B41: 65001668 | C41: abr/2026 | D41: COPASA | E41: Equipe de topografia de escritório | F41: 0 | G41: mês | H41: 0 | I41: =H41*F41 -> 0 | J41: =(I41*K!$G$24) -> 0 | K41: =J41/$J$53 -> #DIV/0!
A43: 3.4 | B43: ANÁLISE DE ÁGUA | J43: =SUM(J44:J45) -> 0 | K43: =SUM(K44:K45) -> #DIV/0!
A44: a) | B44: 65001114 | C44: abr/2026 | D44: COPASA | E44: Análise fisico-química da água | F44: 0 | G44: unidade | H44: 0 | I44: =H44*F44 -> 0 | J44: =(I44*K!$G$24) -> 0 | K44: =J44/$J$53 -> #DIV/0!
A45: b) | B45: 65001115 | C45: abr/2026 | D45: COPASA | E45: Analise bactereologica da água | F45: 0 | G45: unidade | H45: 0 | I45: =H45*F45 -> 0 | J45: =(I45*K!$G$24) -> 0 | K45: =J45/$J$53 -> #DIV/0!
A46: 4. | B46: DESPESAS DIVERSAS | J46: =J48 -> 0 | K46: =J46/$J$53 -> #DIV/0!
A48: 4.1 | B48: OUTRAS DESPESAS | J48: =SUM(J49:J51) -> 0 | K48: =SUM(K49:K51) -> #DIV/0!
A49: a) | B49: 65001001 | C49: abr/2026 | D49: COPASA | E49: Veículo tipo pick-up | F49: 0 | G49: R$/dia | H49: 0 | I49: =H49*F49 -> 0 | J49: =(I49*K!$G$25) -> 0 | K49: =J49/$J$53 -> #DIV/0!
A50: b) | B50: - | C50: mai/2026 | D50: AGEVAP | E50: Refeições | F50: 0 | G50: unidade | H50: 0 | I50: =H50*F50 -> 0 | J50: =(I50*K!$G$25) -> 0 | K50: =J50/$J$53 -> #DIV/0!
A51: c) | B51: - | C51: mai/2026 | D51: AGEVAP | E51: Diárias | F51: 0 | G51: unidade | H51: 0 | I51: =H51*F51 -> 0 | J51: =(I51*K!$G$25) -> 0 | K51: =J51/$J$53 -> #DIV/0!
A53: VALOR TOTAL - Inclusos K's | I53: R$ | J53: =ROUND((J7+J16+J26+J46),2) -> 0 | K53: =K7+K16+K26+K46 -> #DIV/0!
A55: Observações:
A56: 1- | B56: Os K's foram calculados através de fórmulas estabelecidas pelo Acórdão 1787/2011. Os parâmetros utilizados foram estabelecidos pela Nota Técnica Conjunta nº 01/2012/SIP/SAF da Agência Nacional de Águas.
A57: 2- | B57: A remuneração horária é determinada dividindo-se o valor da remuneração mensal pela carga horária efetivamente trabalhada.
A58: 3- | B58: No valor do veículo já estão inclusos os valores de locação, gasolina, manutenção e pedágio.

Sheet Produto Consolidado
D1: ='P1'!D1:K1 -> #REF!
A2: Produto Consolidado | J2: Data: | K2: =Capa!$C$51 -> Preencher a data
A3: Comitê: | C3: =Capa!$B$25 -> CBH-DOCE
A4: Município: | C4: =Capa!$B$30 -> Baixo Guandu/Espírito Santo
A6: Item | B6: Código | C6: Data-Base | D6: Órgão | E6: Descrição | F6: Custo unitário (R$) | H6: Quantitativo | I6: Custo total (R$) | J6: Custo total com K (R$) | K6: Peso (%)
A7: 1 | B7: EQUIPE TÉCNICA | J7: =J9 -> 0 | K7: =J7/$J$53 -> #DIV/0!
A9: 1.1 | B9: PERMANENTE | J9: =SUM(J10:J14) -> 0 | K9: =SUM(K10:K14) -> #DIV/0!
A10: a) | B10: P8061 | C10: abr/2026 | D10: DNIT | E10: Engenheiro Coordenador | F10: ='P1'!F10 -> 0 | G10: hora | H10: =SUM('P1'!H10,'P2'!H10,'P3'!H10,'P4'!H10,'P5'!H10,'P6'!H10,P7a!H10,P7b!H10,'P8'!H10) -> 78.292688 | I10: =F10*H10 -> 0 | J10: =I10*K!$G$23 -> 0 | K10: =J10/$J$53 -> #DIV/0!
A11: b) | B11: P8065 | C11: abr/2026 | D11: DNIT | E11: Engenheiro de Projetos - Junior | F11: ='P1'!F11 -> 0 | G11: hora | H11: =SUM('P1'!H11,'P2'!H11,'P3'!H11,'P4'!H11,'P5'!H11,'P6'!H11,P7a!H11,P7b!H11,'P8'!H11) -> 108.65108 | I11: =F11*H11 -> 0 | J11: =I11*K!$G$23 -> 0 | K11: =J11/$J$53 -> #DIV/0!
A12: c) | B12: P8066 | C12: abr/2026 | D12: DNIT | E12: Engenheiro de Projetos - Pleno | G12: hora | H12: =SUM('P1'!H12,'P2'!H12,'P3'!H12,'P4'!H12,'P5'!H12,'P6'!H12,P7a!H12,P7b!H12,'P8'!H12) -> 0 | I12: =F12*H12 -> 0 | J12: =I12*K!$G$23 -> 0 | K12: =J12/$J$53 -> #DIV/0!
A13: c) | B13: P8155 | C13: abr/2026 | D13: DNIT | E13: Técnico cadista | F13: ='P1'!F13 -> 0 | G13: hora | H13: =SUM('P1'!H13,'P2'!H13,'P3'!H13,'P4'!H13,'P5'!H13,'P6'!H13,P7a!H13,P7b!H13,'P8'!H13) -> 223.6934 | I13: =F13*H13 -> 0 | J13: =I13*K!$G$23 -> 0 | K13: =J13/$J$53 -> #DIV/0!
A14: d) | B14: P8026 | C14: abr/2026 | D14: DNIT | E14: Auxiliar Administrativo | F14: ='P1'!F14 -> 0 | G14: hora | H14: =SUM('P1'!H14,'P2'!H14,'P3'!H14,'P4'!H14,'P5'!H14,'P6'!H14,P7a!H14,P7b!H14,'P8'!H14) -> 447.38679 | I14: =F14*H14 -> 0 | J14: =I14*K!$G$23 -> 0 | K14: =J14/$J$53 -> #DIV/0!
A16: 2 | B16: CONSULTORES | J16: =J18 -> 0 | K16: =J16/$J$53 -> #DIV/0!
A18: 2.1 | B18: CONSULTORES | J18: =SUM(J19:J24) -> 0 | K18: =SUM(K19:K24) -> #DIV/0!
A19: a) | B19: P8003 | C19: abr/2026 | D19: DNIT | E19: Advogado sênior | G19: hora | I19: =F19*H19 -> 0 | J19: =I19*K!$G$23 -> 0 | K19: =J19/$J$53 -> #DIV/0!
A20: b) | B20: P8066 | C20: abr/2026 | D20: DNIT | E20: Engenheiro de Projetos (Elétrico) - Pleno | G20: hora | I20: =F20*H20 -> 0 | J20: =I20*K!$G$23 -> 0 | K20: =J20/$J$53 -> #DIV/0!
A21: a) | B21: P8066 | C21: abr/2026 | D21: DNIT | E21: Engenheiro de Projeto (Orçamentista) - Pleno | F21: ='P8'!F21 -> 0 | G21: hora | H21: =SUM('P1'!H21,'P2'!H21,'P3'!H21,'P4'!H21,'P5'!H21,'P6'!H21,P7a!H21,P7b!H21,'P8'!H21) -> 43.140869 | I21: =F21*H21 -> 0 | J21: =I21*K!$G$23 -> 0 | K21: =J21/$J$53 -> #DIV/0!
A22: d) | B22: P8066 | C22: abr/2026 | D22: DNIT | E22: Engenheiro de Projetos (Mecânico) - Pleno | G22: hora | I22: =F22*H22 -> 0 | J22: =I22*K!$G$23 -> 0 | K22: =J22/$J$53 -> #DIV/0!
A23: b) | B23: P8058 | C23: abr/2026 | D23: DNIT | E23: Engenheiro ambiental - Pleno | F23: =P7a!F23 -> 0 | G23: hora | H23: =SUM('P1'!H23,'P2'!H23,'P3'!H23,'P4'!H23,'P5'!H23,'P6'!H23,P7a!H23,P7b!H23,'P8'!H23) -> 47.934299 | I23: =F23*H23 -> 0 | J23: =I23*K!$G$23 -> 0 | K23: =J23/$J$53 -> #DIV/0!
A24: f) | B24: P8155 | C24: abr/2026 | D24: DNIT | E24: Técnico em geoprocessamento | G24: hora | I24: =F24*H24 -> 0 | J24: =I24*K!$G$23 -> 0 | K24: =J24/$J$53 -> #DIV/0!
A26: 3 | B26: SERVIÇOS DE APOIO TÉCNICO | J26: =J28+J33+J39+J43 -> 0 | K26: =J26/$J$53 -> #DIV/0!
A28: 3.1 | B28: SERVIÇOS DE TOPOGRAFIA | J28: =SUM(J29:J31) -> 0 | K28: =SUM(K29:K31) -> #DIV/0!
A29: a) | B29: 65003710 | C29: abr/2026 | D29: COPASA | E29: Mobilização e desmobilização de equipe de topografia | F29: ='P3'!F29 -> 0 | G29: km | H29: =SUM('P1'!H29,'P2'!H29,'P3'!H29,'P4'!H29,'P5'!H29,'P6'!H29,P7a!H29,P7b!H29,'P8'!H29) -> 516 | I29: =H29*F29 -> 0 | J29: =I29*K!$G$24 -> 0 | K29: =J29/$J$53 -> #DIV/0!
A30: b) | B30: 65001667 | C30: abr/2026 | D30: COPASA | E30: Equipe de topografia de campo | F30: ='P3'!F30 -> 0 | G30: mês | H30: =SUM('P1'!H30,'P2'!H30,'P3'!H30,'P4'!H30,'P5'!H30,'P6'!H30,P7a!H30,P7b!H30,'P8'!H30) -> 0.025322917 | I30: =H30*F30 -> 0 | J30: =I30*K!$G$24 -> 0 | K30: =J30/$J$53 -> #DIV/0! | M30: =J30+J40 -> 0
A31: c) | B31: 65001668 | C31: abr/2026 | D31: COPASA | E31: Equipe de topografia de escritório | F31: ='P3'!F31 -> 0 | G31: mês | H31: =SUM('P1'!H31,'P2'!H31,'P3'!H31,'P4'!H31,'P5'!H31,'P6'!H31,P7a!H31,P7b!H31,'P8'!H31) -> 0.012661458 | I31: =H31*F31 -> 0 | J31: =I31*K!$G$24 -> 0 | K31: =J31/$J$53 -> #DIV/0! | M31: =J31+J41 -> 0
A33: 3.2 | B33: SERVIÇOS DE SONDAGEM | J33: =SUM(J34:J37) -> 0 | K33: =SUM(K34:K37) -> #DIV/0!
A34: a) | B34: 65001207 | C34: abr/2026 | D34: COPASA | E34: Sondagem a percussao - mobilizacao e desmobilizacao | F34: ='P6'!F34 -> 0 | G34: unidade | H34: =SUM('P1'!H34,'P2'!H34,'P3'!H34,'P4'!H34,'P5'!H34,'P6'!H34,P7a!H34,P7b!H34,'P8'!H34) -> 1 | I34: =H34*F34 -> 0 | J34: =I34*K!$G$24 -> 0 | K34: =J34/$J$53 -> #DIV/0!
A35: b) | B35: 65001208 | C35: abr/2026 | D35: COPASA | E35: Sondagem a percussao - adicional de mobilizacao e desmobilizacao | F35: ='P6'!F35 -> 0 | G35: km | H35: =SUM('P1'!H35,'P2'!H35,'P3'!H35,'P4'!H35,'P5'!H35,'P6'!H35,P7a!H35,P7b!H35,'P8'!H35) -> 516 | I35: =H35*F35 -> 0 | J35: =I35*K!$G$24 -> 0 | K35: =J35/$J$53 -> #DIV/0!
A36: c) | B36: 65001209 | C36: abr/2026 | D36: COPASA | E36: Sondagem a percussao - instalacao por furo | F36: ='P6'!F36 -> 0 | G36: unidade | H36: =SUM('P1'!H36,'P2'!H36,'P3'!H36,'P4'!H36,'P5'!H36,'P6'!H36,P7a!H36,P7b!H36,'P8'!H36) -> 3 | I36: =H36*F36 -> 0 | J36: =I36*K!$G$24 -> 0 | K36: =J36/$J$53 -> #DIV/0!
A37: d) | B37: 65001210 | C37: abr/2026 | D37: COPASA | E37: Sondagem a percussao ø2.1/2" - perfuracao e retirada de amostras | F37: ='P6'!F37 -> 0 | G37: m | H37: =SUM('P1'!H37,'P2'!H37,'P3'!H37,'P4'!H37,'P5'!H37,'P6'!H37,P7a!H37,P7b!H37,'P8'!H37) -> 30 | I37: =H37*F37 -> 0 | J37: =I37*K!$G$24 -> 0 | K37: =J37/$J$53 -> #DIV/0!
A39: 3.3 | B39: CADASTRO TÉCNICO DE REDES DE ESGOTAMENTO SANITÁRIO | J39: =SUM(J40:J41) -> 0 | K39: =SUM(K40:K41) -> #DIV/0!
A40: a) | B40: 65001667 | C40: abr/2026 | D40: COPASA | E40: Equipe de topografia de campo | F40: ='P2'!F40 -> 0 | G40: mês | H40: =SUM('P1'!H40,'P2'!H40,'P3'!H40,'P4'!H40,'P5'!H40,'P6'!H40,P7a!H40,P7b!H40,'P8'!H40) -> 0.04132864 | I40: =H40*F40 -> 0 | J40: =I40*K!$G$24 -> 0 | K40: =J40/$J$53 -> #DIV/0!
A41: b) | B41: 65001668 | C41: abr/2026 | D41: COPASA | E41: Equipe de topografia de escritório | F41: ='P2'!F41 -> 0 | G41: mês | H41: =SUM('P1'!H41,'P2'!H41,'P3'!H41,'P4'!H41,'P5'!H41,'P6'!H41,P7a!H41,P7b!H41,'P8'!H41) -> 0.04132864 | I41: =H41*F41 -> 0 | J41: =I41*K!$G$24 -> 0 | K41: =J41/$J$53 -> #DIV/0!
A43: 3.4 | B43: ANÁLISE DE ÁGUA | J43: =SUM(J44:J45) -> 0 | K43: =SUM(K44:K45) -> #DIV/0!
A44: a) | B44: 65001114 | C44: abr/2026 | D44: COPASA | E44: Análise fisico-química da água | F44: ='P4'!F44 -> 0 | G44: unidade | H44: =SUM('P1'!H44,'P2'!H44,'P3'!H44,'P4'!H44,'P5'!H44,'P6'!H44,P7a!H44,P7b!H44,'P8'!H44) -> 1 | I44: =H44*F44 -> 0 | J44: =(I44*K!$G$24) -> 0 | K44: =J44/$J$53 -> #DIV/0!
A45: b) | B45: 65001115 | C45: abr/2026 | D45: COPASA | E45: Analise bactereologica da água | F45: ='P4'!F45 -> 0 | G45: unidade | H45: =SUM('P1'!H45,'P2'!H45,'P3'!H45,'P4'!H45,'P5'!H45,'P6'!H45,P7a!H45,P7b!H45,'P8'!H45) -> 1 | I45: =H45*F45 -> 0 | J45: =(I45*K!$G$24) -> 0 | K45: =J45/$J$53 -> #DIV/0!
A46: 4. | B46: DESPESAS DIVERSAS | J46: =J48 -> 0 | K46: =J46/$J$53 -> #DIV/0!
A48: 4.1 | B48: OUTRAS DESPESAS | J48: =SUM(J49:J51) -> 0 | K48: =SUM(K49:K51) -> #DIV/0!
A49: a) | B49: 65001001 | C49: abr/2026 | D49: COPASA | E49: Veículo tipo pick-up | F49: ='P2'!F49 -> 0 | G49: R$/dia | H49: =SUM('P1'!H49,'P2'!H49,'P3'!H49,'P4'!H49,'P5'!H49,'P6'!H49,P7a!H49,P7b!H49,'P8'!H49) -> 1 | I49: =ROUND(('P1'!I49+'P3'!I49+'P2'!I49+'P4'!I49+'P5'!I49+'P6'!I49+P7a!I49+'P8'!I49),2) -> 0 | J49: =I49*K!$G$25 -> 0 | K49: =J49/$J$53 -> #DIV/0!
A50: b) | B50: - | C50: mai/2026 | D50: AGEVAP | E50: Refeições | F50: ='P2'!F50 -> 0 | G50: unidade | H50: =SUM('P1'!H50,'P2'!H50,'P3'!H50,'P4'!H50,'P5'!H50,'P6'!H50,P7a!H50,P7b!H50,'P8'!H50) -> 4 | I50: =H50*F50 -> 0 | J50: =I50*K!$G$25 -> 0 | K50: =J50/$J$53 -> #DIV/0!
A51: c) | B51: - | C51: mai/2026 | D51: AGEVAP | E51: Diárias | F51: ='P2'!F51 -> 0 | G51: unidade | H51: =SUM('P1'!H51,'P2'!H51,'P3'!H51,'P4'!H51,'P5'!H51,'P6'!H51,P7a!H51,P7b!H51,'P8'!H51) -> 4 | I51: =H51*F51 -> 0 | J51: =I51*K!$G$25 -> 0 | K51: =J51/$J$53 -> #DIV/0!
A53: VALOR TOTAL - Inclusos K's | I53: R$ | J53: =ROUND(J7+J16+J26+J46,2) -> 0 | K53: =K7+K16+K26+K46 -> #DIV/0!
A55: Observações:
A56: 1- | B56: Os K's foram calculados através de fórmulas estabelecidas pelo Acórdão 1787/2011. Os parâmetros utilizados foram estabelecidos pela Nota Técnica Conjunta nº 01/2012/SIP/SAF da Agência Nacional de Águas.
A57: 2- | B57: A remuneração horária é determinada dividindo-se o valor da remuneração mensal pela carga horária efetivamente trabalhada.
A58: 3- | B58: No valor do veículo já estão inclusos os valores de locação, gasolina, manutenção e pedágio.
A59: 4- | B59: Itens 1 e 2 submetidos à atualização de preços, os valores da referência foram atualizados mediante a aplicação da variação do índice da FGV – Coluna 39 – Consultoria (Supervisão e Projetos),conforme aba 'reajuste'.

Sheet CPP
B1: ='P1'!D1 -> #REF!
A3: Custo por produto | D3: Data: | E3: =Capa!$C$51 -> Preencher a data
A4: Comitê: | B4: =Capa!$B$25 -> CBH-DOCE
A5: Município: | B5: =Capa!$B$30 -> Baixo Guandu/Espírito Santo
A7: PRODUTO | D7: PERCENTUAL | E7: CUSTO (R$)
A8: Produto 1: | B8: =Cronograma!B12 -> Plano de Trabalho | D8: =E8/$E$17 -> #DIV/0! | E8: ='P1'!J53 -> 0
A9: Produto 2: | B9: =Cronograma!B13 -> Cadastro Técnico | D9: =E9/$E$17 -> #DIV/0! | E9: ='P2'!J53 -> 0
A10: Produto 3: | B10: =Cronograma!B14 -> Estudo Topográfico | D10: =E10/$E$17 -> #DIV/0! | E10: ='P3'!J53 -> 0
A11: Produto 4: | B11: =Cronograma!B15 -> Estudo de Concepção | D11: =E11/$E$17 -> #DIV/0! | E11: ='P4'!J53 -> 0
A12: Produto 5: | B12: =Cronograma!B17 -> Projeto Básico | D12: =E12/$E$17 -> #DIV/0! | E12: ='P5'!J53 -> 0
A13: Produto 6: | B13: =Cronograma!B18 -> Estudos Geotécnicos | D13: =E13/$E$17 -> #DIV/0! | E13: ='P6'!J53 -> 0
A14: Produto 7.1: | B14: =Cronograma!B16 -> Estudos Ambientais Preliminares | D14: =E14/$E$17 -> #DIV/0! | E14: =P7a!J53 -> 0
A15: Produto 7.2: | B15: =Cronograma!B19 -> Estudos Ambientais Consolidados | D15: =E15/$E$17 -> #DIV/0! | E15: =P7b!J53 -> 0
A16: Produto 8: | B16: =Cronograma!B20 -> Projeto Executivo | D16: =E16/$E$17 -> #DIV/0! | E16: ='P8'!J53 -> 0
C17: TOTAL | D17: =SUM(D8:D16) -> #DIV/0! | E17: =SUM(E8:E16) -> 0

Sheet Cronograma
A1: Cronograma físico-financeiro
A4: Cronograma físico-financeiro
A5: Comitê: | C5: =Capa!$B$25 -> CBH-DOCE | E5: Data: | F5: =Capa!$C$51 -> Preencher a data
A6: Município: | C6: =Capa!$B$30 -> Baixo Guandu/Espírito Santo
A8: CRONOGRAMA
A9: ETAPA PRODUTO | B9: ESPECIFICAÇÃO | D9: Repasse | E9: Percentual | F9: MÊS
F10: - | G10: 1 | J10: 2 | M10: 3 | P10: 4 | S10: 5 | V10: 6
D11: R$ | E11: % | F11: - | G11: 10 | H11: 20 | I11: 30 | J11: 40 | K11: 50 | L11: 60 | M11: 70 | N11: 80 | O11: 90 | P11: 100 | Q11: 110 | R11: 120 | S11: 130 | T11: 140 | U11: 150 | V11: 160 | W11: 170 | X11: 180
A12: 1 | B12: ='P1'!C2 -> Plano de Trabalho | D12: ='P1'!J53 -> 0 | E12: =D12/$D$23 -> #DIV/0!
A13: 2 | B13: ='P2'!C2 -> Cadastro Técnico | D13: ='P2'!J53 -> 0 | E13: =D13/$D$23 -> #DIV/0!
A14: 3 | B14: ='P3'!C2 -> Estudo Topográfico | D14: ='P3'!J53 -> 0 | E14: =D14/$D$23 -> #DIV/0!
A15: 4 | B15: ='P4'!C2 -> Estudo de Concepção | D15: ='P4'!J53 -> 0 | E15: =D15/$D$23 -> #DIV/0!
A16: 7.1 | B16: =P7a!C2 -> Estudos Ambientais Preliminares | D16: =P7a!J53 -> 0 | E16: =D16/$D$23 -> #DIV/0!
A17: 5 | B17: ='P5'!C2 -> Projeto Básico | D17: ='P5'!J53 -> 0 | E17: =D17/$D$23 -> #DIV/0!
A18: 6 | B18: ='P6'!C2 -> Estudos Geotécnicos | D18: ='P6'!J53 -> 0 | E18: =D18/$D$23 -> #DIV/0!
A19: 7.2 | B19: =P7b!C2 -> Estudos Ambientais Consolidados | D19: =P7b!J53 -> 0 | E19: =D19/$D$23 -> #DIV/0!
A20: 8 | B20: ='P8'!C2 -> Projeto Executivo | D20: ='P8'!J53 -> 0 | E20: =D20/$D$23 -> #DIV/0!
A21: - | B21: Finalização Contratual | D21: - | E21: -
A23: TOTAL GERAL | D23: =SUM(D12:D22) -> 0 | E23: =ROUND(SUM(E12:E22),2) -> #DIV/0!
A25: LEGENDA:
C26: Emissão da Ordem de Serviço | I26: Análise da versão final do produto
C27: Elaboração do produto e entrega da minuta | I27: Período para pagamento
C28: Análise e revisão do produto | I28: Finalização contratual interna
C29: Correção e entrega versão final do produto
